Workbook

Sheet BGS PTY23 Cost Alloc
B1: Jersey Central Power & Light
B2: Attachment 2
B3: ='BGS PTY25 Cost Alloc'!$B$3 -> 2027 BGS Auction Cost and Bid Factor Tables
B5: 2025/2026 BGS Supply Period Estimated Supplier Payments Allocated by Rate Class
B8: Development of Post Transition Period BGS Cost and Bid Factors
B9: Adjusted to Billing Time Periods
E10: ='BGS PTY25 Cost Alloc'!$E$10 -> Based on an average of 2023, 2024 and 2025 Load Information
A11: Table #1 | B11: % Usage During PJM On-Peak Period | E11: On-Peak periods defined as the 16 hr PJM Trading period, adj for NERC holidays | Q11: % usage during Off-Peak period
E12: Profile Meter Data | F12: Profile Meter Data | G12: Profile Meter Data | H12: Profile Meter Data | I12: Other Analysis | Q12: Profile Meter Data | R12: Profile Meter Data | S12: Profile Meter Data | T12: Profile Meter Data | U12: Other Analysis
B13: (data rounded to nearest .01 %) | E13: RT{1} | F13: RS{2} | G13: GS{3} | H13: GST | I13: OL/SL | Q13: =+E13 -> RT{1} | R13: =+F13 -> RS{2} | S13: =+G13 -> GS{3} | T13: =+H13 -> GST | U13: =+I13 -> OL/SL
B15: January | E15: ='BGS PTY25 Cost Alloc'!E15 -> 0.4788 | F15: ='BGS PTY25 Cost Alloc'!F15 -> 0.4914 | G15: ='BGS PTY25 Cost Alloc'!G15 -> 0.5069 | H15: ='BGS PTY25 Cost Alloc'!H15 -> 0.5078 | I15: ='BGS PTY25 Cost Alloc'!I15 -> 0.3115 | Q15: =1-E15 -> 0.5212 | R15: =1-F15 -> 0.5086 | S15: =1-G15 -> 0.4931 | T15: =1-H15 -> 0.4922 | U15: =1-I15 -> 0.6885
B16: February | E16: ='BGS PTY25 Cost Alloc'!E16 -> 0.4777 | F16: ='BGS PTY25 Cost Alloc'!F16 -> 0.4944 | G16: ='BGS PTY25 Cost Alloc'!G16 -> 0.5108 | H16: ='BGS PTY25 Cost Alloc'!H16 -> 0.5125 | I16: ='BGS PTY25 Cost Alloc'!I16 -> 0.294 | Q16: =1-E16 -> 0.5223 | R16: =1-F16 -> 0.5056 | S16: =1-G16 -> 0.4892 | T16: =1-H16 -> 0.4875 | U16: =1-I16 -> 0.706
B17: March | E17: ='BGS PTY25 Cost Alloc'!E17 -> 0.4867 | F17: ='BGS PTY25 Cost Alloc'!F17 -> 0.5035 | G17: ='BGS PTY25 Cost Alloc'!G17 -> 0.5195 | H17: ='BGS PTY25 Cost Alloc'!H17 -> 0.5017 | I17: ='BGS PTY25 Cost Alloc'!I17 -> 0.2854 | Q17: =1-E17 -> 0.5133 | R17: =1-F17 -> 0.4965 | S17: =1-G17 -> 0.4805 | T17: =1-H17 -> 0.4983 | U17: =1-I17 -> 0.7146
B18: April | E18: ='BGS PTY25 Cost Alloc'!E18 -> 0.4779 | F18: ='BGS PTY25 Cost Alloc'!F18 -> 0.5003 | G18: ='BGS PTY25 Cost Alloc'!G18 -> 0.5139 | H18: ='BGS PTY25 Cost Alloc'!H18 -> 0.5313 | I18: ='BGS PTY25 Cost Alloc'!I18 -> 0.2904 | Q18: =1-E18 -> 0.5221 | R18: =1-F18 -> 0.4997 | S18: =1-G18 -> 0.4861 | T18: =1-H18 -> 0.4687 | U18: =1-I18 -> 0.7096
B19: May | E19: ='BGS PTY25 Cost Alloc'!E19 -> 0.4764 | F19: ='BGS PTY25 Cost Alloc'!F19 -> 0.4943 | G19: ='BGS PTY25 Cost Alloc'!G19 -> 0.5121 | H19: ='BGS PTY25 Cost Alloc'!H19 -> 0.5075 | I19: ='BGS PTY25 Cost Alloc'!I19 -> 0.2823 | Q19: =1-E19 -> 0.5236 | R19: =1-F19 -> 0.5057 | S19: =1-G19 -> 0.4879 | T19: =1-H19 -> 0.4925 | U19: =1-I19 -> 0.7177
B20: June | E20: ='BGS PTY25 Cost Alloc'!E20 -> 0.5235 | F20: ='BGS PTY25 Cost Alloc'!F20 -> 0.5402 | G20: ='BGS PTY25 Cost Alloc'!G20 -> 0.5549 | H20: ='BGS PTY25 Cost Alloc'!H20 -> 0.5528 | I20: ='BGS PTY25 Cost Alloc'!I20 -> 0.2733 | Q20: =1-E20 -> 0.4765 | R20: =1-F20 -> 0.4598 | S20: =1-G20 -> 0.4451 | T20: =1-H20 -> 0.4472 | U20: =1-I20 -> 0.7267
B21: July | E21: ='BGS PTY25 Cost Alloc'!E21 -> 0.523 | F21: ='BGS PTY25 Cost Alloc'!F21 -> 0.537 | G21: ='BGS PTY25 Cost Alloc'!G21 -> 0.5551 | H21: ='BGS PTY25 Cost Alloc'!H21 -> 0.5617 | I21: ='BGS PTY25 Cost Alloc'!I21 -> 0.2644 | Q21: =1-E21 -> 0.477 | R21: =1-F21 -> 0.463 | S21: =1-G21 -> 0.4449 | T21: =1-H21 -> 0.4383 | U21: =1-I21 -> 0.7356
B22: August | E22: ='BGS PTY25 Cost Alloc'!E22 -> 0.516 | F22: ='BGS PTY25 Cost Alloc'!F22 -> 0.5292 | G22: ='BGS PTY25 Cost Alloc'!G22 -> 0.5565 | H22: ='BGS PTY25 Cost Alloc'!H22 -> 0.5549 | I22: ='BGS PTY25 Cost Alloc'!I22 -> 0.2826 | Q22: =1-E22 -> 0.484 | R22: =1-F22 -> 0.4708 | S22: =1-G22 -> 0.4435 | T22: =1-H22 -> 0.4451 | U22: =1-I22 -> 0.7174
B23: September | E23: ='BGS PTY25 Cost Alloc'!E23 -> 0.4799 | F23: ='BGS PTY25 Cost Alloc'!F23 -> 0.4961 | G23: ='BGS PTY25 Cost Alloc'!G23 -> 0.5352 | H23: ='BGS PTY25 Cost Alloc'!H23 -> 0.5541 | I23: ='BGS PTY25 Cost Alloc'!I23 -> 0.2869 | Q23: =1-E23 -> 0.5201 | R23: =1-F23 -> 0.5039 | S23: =1-G23 -> 0.4648 | T23: =1-H23 -> 0.4459 | U23: =1-I23 -> 0.7131
B24: October | E24: ='BGS PTY25 Cost Alloc'!E24 -> 0.5049 | F24: ='BGS PTY25 Cost Alloc'!F24 -> 0.525 | G24: ='BGS PTY25 Cost Alloc'!G24 -> 0.5637 | H24: ='BGS PTY25 Cost Alloc'!H24 -> 0.5921 | I24: ='BGS PTY25 Cost Alloc'!I24 -> 0.3242 | Q24: =1-E24 -> 0.4951 | R24: =1-F24 -> 0.475 | S24: =1-G24 -> 0.4363 | T24: =1-H24 -> 0.4079 | U24: =1-I24 -> 0.6758
B25: November | E25: ='BGS PTY25 Cost Alloc'!E25 -> 0.4512 | F25: ='BGS PTY25 Cost Alloc'!F25 -> 0.4731 | G25: ='BGS PTY25 Cost Alloc'!G25 -> 0.5108 | H25: ='BGS PTY25 Cost Alloc'!H25 -> 0.5239 | I25: ='BGS PTY25 Cost Alloc'!I25 -> 0.2962 | Q25: =1-E25 -> 0.5488 | R25: =1-F25 -> 0.5269 | S25: =1-G25 -> 0.4892 | T25: =1-H25 -> 0.4761 | U25: =1-I25 -> 0.7038
B26: December | E26: ='BGS PTY25 Cost Alloc'!E26 -> 0.4583 | F26: ='BGS PTY25 Cost Alloc'!F26 -> 0.4784 | G26: ='BGS PTY25 Cost Alloc'!G26 -> 0.5094 | H26: ='BGS PTY25 Cost Alloc'!H26 -> 0.5367 | I26: ='BGS PTY25 Cost Alloc'!I26 -> 0.305 | Q26: =1-E26 -> 0.5417 | R26: =1-F26 -> 0.5216 | S26: =1-G26 -> 0.4906 | T26: =1-H26 -> 0.4633 | U26: =1-I26 -> 0.695
A29: Table #2 | B29: % Usage During JCP&L On-Peak Billing Period | F29: On-Peak periods as defined in specified rate schedule
E30: ='BGS PTY25 Cost Alloc'!$E$30 -> 2026 Forecasted Calendar Month Sales | F30: N/A | G30: N/A | H30: ='BGS PTY25 Cost Alloc'!$E$30 -> 2026 Forecasted Calendar Month Sales | I30: N/A | Q30: ='BGS PTY25 Cost Alloc'!Q30 -> 2026 Forecasted Calendar Month Sales | R30: N/A | S30: N/A | T30: ='BGS PTY25 Cost Alloc'!T30 -> 2026 Forecasted Calendar Month Sales | U30: N/A
B31: (data rounded to nearest .01 %) | E31: =+E$13 -> RT{1} | F31: =+F$13 -> RS{2} | G31: =+G$13 -> GS{3} | H31: =+H$13 -> GST | I31: =+I$13 -> OL/SL | Q31: =+Q$13 -> RT{1} | R31: =+R$13 -> RS{2} | S31: =+S$13 -> GS{3} | T31: =+T$13 -> GST | U31: =+U$13 -> OL/SL
B33: January | E33: ='BGS PTY25 Cost Alloc'!E33 -> 0.3497 | F33: ---- | G33: ---- | H33: ='BGS PTY25 Cost Alloc'!H33 -> 0.4171 | I33: ---- | Q33: =1-E33 -> 0.6503 | T33: =1-H33 -> 0.5829
B34: February | E34: ='BGS PTY25 Cost Alloc'!E34 -> 0.3428 | F34: ---- | G34: ---- | H34: ='BGS PTY25 Cost Alloc'!H34 -> 0.4186 | I34: ---- | Q34: =1-E34 -> 0.6572 | T34: =1-H34 -> 0.5814
B35: March | E35: ='BGS PTY25 Cost Alloc'!E35 -> 0.3394 | F35: ---- | G35: ---- | H35: ='BGS PTY25 Cost Alloc'!H35 -> 0.4184 | I35: ---- | Q35: =1-E35 -> 0.6606 | T35: =1-H35 -> 0.5816
B36: April | E36: ='BGS PTY25 Cost Alloc'!E36 -> 0.3494 | F36: ---- | G36: ---- | H36: ='BGS PTY25 Cost Alloc'!H36 -> 0.4286 | I36: ---- | Q36: =1-E36 -> 0.6506 | T36: =1-H36 -> 0.5714
B37: May | E37: ='BGS PTY25 Cost Alloc'!E37 -> 0.3693 | F37: ---- | G37: ---- | H37: ='BGS PTY25 Cost Alloc'!H37 -> 0.4441 | I37: ---- | Q37: =1-E37 -> 0.6307 | T37: =1-H37 -> 0.5559
B38: June | E38: ='BGS PTY25 Cost Alloc'!E38 -> 0.4003 | F38: ---- | G38: ---- | H38: ='BGS PTY25 Cost Alloc'!H38 -> 0.4565 | I38: ---- | Q38: =1-E38 -> 0.5997 | T38: =1-H38 -> 0.5435
B39: July | E39: ='BGS PTY25 Cost Alloc'!E39 -> 0.4173 | F39: ---- | G39: ---- | H39: ='BGS PTY25 Cost Alloc'!H39 -> 0.4546 | I39: ---- | Q39: =1-E39 -> 0.5827 | T39: =1-H39 -> 0.5454
B40: August | E40: ='BGS PTY25 Cost Alloc'!E40 -> 0.4145 | F40: ---- | G40: ---- | H40: ='BGS PTY25 Cost Alloc'!H40 -> 0.4523 | I40: ---- | Q40: =1-E40 -> 0.5855 | T40: =1-H40 -> 0.5477
B41: September | E41: ='BGS PTY25 Cost Alloc'!E41 -> 0.3929 | F41: ---- | G41: ---- | H41: ='BGS PTY25 Cost Alloc'!H41 -> 0.4518 | I41: ---- | Q41: =1-E41 -> 0.6071 | T41: =1-H41 -> 0.5482
B42: October | E42: ='BGS PTY25 Cost Alloc'!E42 -> 0.3602 | F42: ---- | G42: ---- | H42: ='BGS PTY25 Cost Alloc'!H42 -> 0.4515 | I42: ---- | Q42: =1-E42 -> 0.6398 | T42: =1-H42 -> 0.5485
B43: November | E43: ='BGS PTY25 Cost Alloc'!E43 -> 0.3499 | F43: ---- | G43: ---- | H43: ='BGS PTY25 Cost Alloc'!H43 -> 0.4418 | I43: ---- | Q43: =1-E43 -> 0.6501 | T43: =1-H43 -> 0.5582
B44: December | E44: ='BGS PTY25 Cost Alloc'!E44 -> 0.3493 | F44: ---- | G44: ---- | H44: ='BGS PTY25 Cost Alloc'!H44 -> 0.4289 | I44: ---- | Q44: =1-E44 -> 0.6507 | T44: =1-H44 -> 0.5711
B46: {1} For BGS purposes the RT rate class includes the RS and GS rate class Off-Peak (OPWH) and Controlled Water Heating (CTWH) provisions. The RT rate class also includes the
B47: summer billing month RGT rate class usage. OPWH and CTWH is billed on the average RT rates, while RT and Summer RGT use is billed at on-peak and off-peak rates.
B48: {2} For BGS purposes the RS rate class excludes the Off-Peak and Controlled Water Heating provisions and includes
B49: the winter billing month RGT rate class usage
B50: {3} For BGS purposes the GS rate class excludes the Off-Peak and Controlled Water Heating provisions
B52: =$B$1 -> Jersey Central Power & Light
B53: =$B$2 -> Attachment 2
W55: ='BGS PTY25 Cost Alloc'!Y55 -> Forecast 2026 Delivery MWh
A56: Table #3 | B56: Class Usage @ customer | Z56: kWh
B57: ='BGS PTY25 Cost Alloc'!$B$57 -> calendar month sales forecasted for 2026 | Q57: Tariff Based kWh | W57: Total
B58: in MWh | E58: =+E$13 -> RT{1} | F58: =+F$13 -> RS{2} | G58: =+G$13 -> GS{3} | H58: GST {4} | I58: =+I$13 -> OL/SL | J58: Total | M58: RT Less | Q58: =+Q$13 -> RT{1} | R58: =+R$13 -> RS{2} | S58: =+S$13 -> GS{3} | T58: =+T$13 -> GST | U58: =+U$13 -> OL/SL | W58: WH | X58: WH GS | Y58: WH RS | Z58: RGT | AA58: RT | AB58: RS | AC58: GS | AD58: GS | AG58: GST
M59: Water Heating
B60: January | E60: ='BGS PTY25 Cost Alloc'!E60 -> 19934 | F60: ='BGS PTY25 Cost Alloc'!F60 -> 897524 | G60: ='BGS PTY25 Cost Alloc'!G60 -> 508052 | H60: ='BGS PTY25 Cost Alloc'!H60 -> 14709 | I60: ='BGS PTY25 Cost Alloc'!I60 -> 10067 | J60: =SUM(E60:I60) -> 1450286 | M60: =E60-ROUND(SUM($W60/1000),0) -> 19317 | N60: winter MWh = | Q60: =SUM(E60:E64,E69:E71) -> 115223 | R60: =SUM(F60:F64,F69:F71) -> 5612850 | S60: =SUM(G60:G64,G69:G71) -> 3714049 | T60: =SUM(H60:H64,H69:H71) -> 113111 | U60: =SUM(I60:I64,I69:I71) -> 80621 | V60: ='BGS PTY25 Cost Alloc'!V60 -> 46023 | W60: ='BGS PTY25 Cost Alloc'!W60 -> 616868 | X60: ='BGS PTY25 Cost Alloc'!X60 -> 12508 | Y60: =W60-X60 -> 604360 | Z60: ='BGS PTY25 Cost Alloc'!Z60 -> 1795515 | AA60: ='BGS PTY25 Cost Alloc'!AA60 -> 19317.195 | AB60: ='BGS PTY25 Cost Alloc'!AB60 -> 895728.22 | AC60: ='BGS PTY25 Cost Alloc'!AC60 -> 508064.58 | AD60: ='BGS PTY25 Cost Alloc'!AD60 -> 558108.88 | AG60: ='BGS PTY25 Cost Alloc'!AG60 -> 14709.368
B61: February | E61: ='BGS PTY25 Cost Alloc'!E61 -> 17010 | F61: ='BGS PTY25 Cost Alloc'!F61 -> 738594 | G61: ='BGS PTY25 Cost Alloc'!G61 -> 456957 | H61: ='BGS PTY25 Cost Alloc'!H61 -> 13966 | I61: ='BGS PTY25 Cost Alloc'!I61 -> 10069 | J61: =SUM(E61:I61) -> 1236596 | M61: =E61-ROUND(SUM($W61/1000),0) -> 16489 | P61: On-Peak=> | Q61: =SUMPRODUCT(E33:E37,M60:M64)+SUMPRODUCT(E42:E44,M69:M71) -> 38323.477 | S61: <=on-peak=> | T61: =SUMPRODUCT(H33:H37,H60:H64)+SUMPRODUCT(H42:H44,H69:H71) -> 48727.693 | U61: =T61/T60 -> 0.43079535 | V61: ='BGS PTY25 Cost Alloc'!V61 -> 46054 | W61: ='BGS PTY25 Cost Alloc'!W61 -> 520716 | X61: ='BGS PTY25 Cost Alloc'!X61 -> 11630 | Y61: =W61-X61 -> 509086 | Z61: ='BGS PTY25 Cost Alloc'!Z61 -> 1522481 | AA61: ='BGS PTY25 Cost Alloc'!AA61 -> 16488.766 | AB61: ='BGS PTY25 Cost Alloc'!AB61 -> 737072.13 | AC61: ='BGS PTY25 Cost Alloc'!AC61 -> 456969.03 | AD61: ='BGS PTY25 Cost Alloc'!AD61 -> 505468.28 | AG61: ='BGS PTY25 Cost Alloc'!AG61 -> 13966.285
B62: March | E62: ='BGS PTY25 Cost Alloc'!E62 -> 15988 | F62: ='BGS PTY25 Cost Alloc'!F62 -> 706497 | G62: ='BGS PTY25 Cost Alloc'!G62 -> 467404 | H62: ='BGS PTY25 Cost Alloc'!H62 -> 13555 | I62: ='BGS PTY25 Cost Alloc'!I62 -> 10070 | J62: =SUM(E62:I62) -> 1213514 | M62: =E62-ROUND(SUM($W62/1000),0) -> 15463 | P62: Off-Peak=> | Q62: =SUMPRODUCT(Q33:Q37,M60:M64)+SUMPRODUCT(Q42:Q44,M69:M71) -> 71208.523 | S62: <=off-peak=> | T62: =+T60-T61 -> 64383.307 | V62: ='BGS PTY25 Cost Alloc'!V62 -> 46082 | W62: ='BGS PTY25 Cost Alloc'!W62 -> 525070 | X62: ='BGS PTY25 Cost Alloc'!X62 -> 10927 | Y62: =W62-X62 -> 514143 | Z62: ='BGS PTY25 Cost Alloc'!Z62 -> 1366144 | AA62: ='BGS PTY25 Cost Alloc'!AA62 -> 15462.711 | AB62: ='BGS PTY25 Cost Alloc'!AB62 -> 705130.98 | AC62: ='BGS PTY25 Cost Alloc'!AC62 -> 467414.94 | AD62: ='BGS PTY25 Cost Alloc'!AD62 -> 515049.35 | AG62: ='BGS PTY25 Cost Alloc'!AG62 -> 13555.12
B63: April | E63: ='BGS PTY25 Cost Alloc'!E63 -> 12070 | F63: ='BGS PTY25 Cost Alloc'!F63 -> 550986 | G63: ='BGS PTY25 Cost Alloc'!G63 -> 432993 | H63: ='BGS PTY25 Cost Alloc'!H63 -> 13768 | I63: ='BGS PTY25 Cost Alloc'!I63 -> 10078 | J63: =SUM(E63:I63) -> 1019895 | M63: =E63-ROUND(SUM($W63/1000),0) -> 11212 | P63: Average=> | Q63: =SUM(W60:W64,W69:W71)/1000 -> 5691.342 | V63: ='BGS PTY25 Cost Alloc'!V63 -> 46113 | W63: ='BGS PTY25 Cost Alloc'!W63 -> 857967 | X63: ='BGS PTY25 Cost Alloc'!X63 -> 21326 | Y63: =W63-X63 -> 836641 | Z63: ='BGS PTY25 Cost Alloc'!Z63 -> 975851 | AA63: ='BGS PTY25 Cost Alloc'!AA63 -> 11212.025 | AB63: ='BGS PTY25 Cost Alloc'!AB63 -> 550009.8 | AC63: ='BGS PTY25 Cost Alloc'!AC63 -> 433013.9 | AD63: ='BGS PTY25 Cost Alloc'!AD63 -> 482088.13 | AG63: ='BGS PTY25 Cost Alloc'!AG63 -> 13767.583
B64: May | E64: ='BGS PTY25 Cost Alloc'!E64 -> 11940 | F64: ='BGS PTY25 Cost Alloc'!F64 -> 642034 | G64: ='BGS PTY25 Cost Alloc'!G64 -> 446623 | H64: ='BGS PTY25 Cost Alloc'!H64 -> 13994 | I64: ='BGS PTY25 Cost Alloc'!I64 -> 10079 | J64: =SUM(E64:I64) -> 1124670 | M64: =E64-ROUND(SUM($W64/1000),0) -> 10961 | N64: summer MWh = | Q64: =+SUM(E65:E68) -> 59568 | R64: =+SUM(F65:F68) -> 4035706 | S64: =+SUM(G65:G68) -> 2091570 | T64: =+SUM(H65:H68) -> 53951 | U64: =+SUM(I65:I68) -> 40326 | V64: ='BGS PTY25 Cost Alloc'!V64 -> 46143 | W64: ='BGS PTY25 Cost Alloc'!W64 -> 979156 | X64: ='BGS PTY25 Cost Alloc'!X64 -> 20504 | Y64: =W64-X64 -> 958652 | Z64: ='BGS PTY25 Cost Alloc'!Z64 -> 904502 | AA64: ='BGS PTY25 Cost Alloc'!AA64 -> 10961.432 | AB64: ='BGS PTY25 Cost Alloc'!AB64 -> 641129.07 | AC64: ='BGS PTY25 Cost Alloc'!AC64 -> 446644.13 | AD64: ='BGS PTY25 Cost Alloc'!AD64 -> 498069.98 | AG64: ='BGS PTY25 Cost Alloc'!AG64 -> 13994.22
B65: June | E65: ='BGS PTY25 Cost Alloc'!E65 -> 13721 | F65: ='BGS PTY25 Cost Alloc'!F65 -> 876168 | G65: ='BGS PTY25 Cost Alloc'!G65 -> 508179 | H65: ='BGS PTY25 Cost Alloc'!H65 -> 15196 | I65: ='BGS PTY25 Cost Alloc'!I65 -> 10080 | J65: =SUM(E65:I65) -> 1423344 | M65: =E65-ROUND(SUM($W65/1000),0) -> 13051 | P65: First Block (0-600 kWh/month)=> | Q65: =SUMPRODUCT(E38:E41,M65:M68) -> 23323.232 | R65: ='BGS PTY25 Cost Alloc'!R65 -> 2024892.5 | S65: <=on-peak=> | T65: =+SUMPRODUCT(H38:H41,H65:H68) -> 24495.801 | U65: =T65/T64 -> 0.45403795 | V65: ='BGS PTY25 Cost Alloc'!V65 -> 46174 | W65: ='BGS PTY25 Cost Alloc'!W65 -> 669645 | X65: ='BGS PTY25 Cost Alloc'!X65 -> 19953 | Y65: =W65-X65 -> 649692 | Z65: ='BGS PTY25 Cost Alloc'!Z65 -> 1060636 | AA65: ='BGS PTY25 Cost Alloc'!AA65 -> 11991.019 | AB65: ='BGS PTY25 Cost Alloc'!AB65 -> 876167.62 | AC65: ='BGS PTY25 Cost Alloc'!AC65 -> 508199.04 | AD65: ='BGS PTY25 Cost Alloc'!AD65 -> 558912.15 | AG65: ='BGS PTY25 Cost Alloc'!AG65 -> 15196.123
B66: July | E66: ='BGS PTY25 Cost Alloc'!E66 -> 17769 | F66: ='BGS PTY25 Cost Alloc'!F66 -> 1217293 | G66: ='BGS PTY25 Cost Alloc'!G66 -> 575382 | H66: ='BGS PTY25 Cost Alloc'!H66 -> 15090 | I66: ='BGS PTY25 Cost Alloc'!I66 -> 10081 | J66: =SUM(E66:I66) -> 1835615 | M66: =E66-ROUND(SUM($W66/1000),0) -> 16981 | P66: Second Block (>600 kWh/month)=> | Q66: =SUMPRODUCT(Q38:Q41,M65:M68) -> 33873.768 | R66: ='BGS PTY25 Cost Alloc'!R66 -> 2010813.5 | S66: <=off-peak=> | T66: =+T64-T65 -> 29455.199 | V66: ='BGS PTY25 Cost Alloc'!V66 -> 46204 | W66: ='BGS PTY25 Cost Alloc'!W66 -> 787636 | X66: ='BGS PTY25 Cost Alloc'!X66 -> 16438 | Y66: =W66-X66 -> 771198 | Z66: ='BGS PTY25 Cost Alloc'!Z66 -> 1284104 | AA66: ='BGS PTY25 Cost Alloc'!AA66 -> 15697.191 | AB66: ='BGS PTY25 Cost Alloc'!AB66 -> 1217293.1 | AC66: ='BGS PTY25 Cost Alloc'!AC66 -> 575397.57 | AD66: ='BGS PTY25 Cost Alloc'!AD66 -> 635075.83 | AG66: ='BGS PTY25 Cost Alloc'!AG66 -> 15090.157
B67: August | E67: ='BGS PTY25 Cost Alloc'!E67 -> 16302 | F67: ='BGS PTY25 Cost Alloc'!F67 -> 1120590 | G67: ='BGS PTY25 Cost Alloc'!G67 -> 552263 | H67: ='BGS PTY25 Cost Alloc'!H67 -> 14133 | I67: ='BGS PTY25 Cost Alloc'!I67 -> 10082 | J67: =SUM(E67:I67) -> 1713370 | M67: =E67-ROUND(SUM($W67/1000),0) -> 15723 | P67: Average=> | Q67: =SUM(W65:W68)/1000 -> 2370.994 | V67: ='BGS PTY25 Cost Alloc'!V67 -> 46235 | W67: ='BGS PTY25 Cost Alloc'!W67 -> 579312 | X67: ='BGS PTY25 Cost Alloc'!X67 -> 9384 | Y67: =W67-X67 -> 569928 | Z67: ='BGS PTY25 Cost Alloc'!Z67 -> 1061853 | AA67: ='BGS PTY25 Cost Alloc'!AA67 -> 14661.408 | AB67: ='BGS PTY25 Cost Alloc'!AB67 -> 1120590.3 | AC67: ='BGS PTY25 Cost Alloc'!AC67 -> 552272.47 | AD67: ='BGS PTY25 Cost Alloc'!AD67 -> 615582.96 | AG67: ='BGS PTY25 Cost Alloc'!AG67 -> 14132.946
B68: September | E68: ='BGS PTY25 Cost Alloc'!E68 -> 11776 | F68: ='BGS PTY25 Cost Alloc'!F68 -> 821655 | G68: ='BGS PTY25 Cost Alloc'!G68 -> 455746 | H68: ='BGS PTY25 Cost Alloc'!H68 -> 9532 | I68: ='BGS PTY25 Cost Alloc'!I68 -> 10083 | J68: =SUM(E68:I68) -> 1308792 | M68: =E68-ROUND(SUM($W68/1000),0) -> 11442 | Q68: PJM based kWh | V68: ='BGS PTY25 Cost Alloc'!V68 -> 46266 | W68: ='BGS PTY25 Cost Alloc'!W68 -> 334401 | X68: ='BGS PTY25 Cost Alloc'!X68 -> 13376 | Y68: =W68-X68 -> 321025 | Z68: ='BGS PTY25 Cost Alloc'!Z68 -> 837016 | AA68: ='BGS PTY25 Cost Alloc'!AA68 -> 10604.641 | AB68: ='BGS PTY25 Cost Alloc'!AB68 -> 821654.92 | AC68: ='BGS PTY25 Cost Alloc'!AC68 -> 455758.8 | AD68: ='BGS PTY25 Cost Alloc'!AD68 -> 516067.43 | AG68: ='BGS PTY25 Cost Alloc'!AG68 -> 9531.96
B69: October | E69: ='BGS PTY25 Cost Alloc'!E69 -> 8764 | F69: ='BGS PTY25 Cost Alloc'!F69 -> 585754 | G69: ='BGS PTY25 Cost Alloc'!G69 -> 454579 | H69: ='BGS PTY25 Cost Alloc'!H69 -> 13379 | I69: ='BGS PTY25 Cost Alloc'!I69 -> 10084 | J69: =SUM(E69:I69) -> 1072560 | M69: =E69-ROUND(SUM($W69/1000),0) -> 8204 | Q69: =+Q$13 -> RT{1} | T69: =+T$13 -> GST | V69: ='BGS PTY25 Cost Alloc'!V69 -> 46296 | W69: ='BGS PTY25 Cost Alloc'!W69 -> 559944 | X69: ='BGS PTY25 Cost Alloc'!X69 -> 24727 | Y69: =W69-X69 -> 535217 | Z69: ='BGS PTY25 Cost Alloc'!Z69 -> 696371 | AA69: ='BGS PTY25 Cost Alloc'!AA69 -> 8203.859 | AB69: ='BGS PTY25 Cost Alloc'!AB69 -> 585058.36 | AC69: ='BGS PTY25 Cost Alloc'!AC69 -> 454603.98 | AD69: ='BGS PTY25 Cost Alloc'!AD69 -> 508480.06 | AG69: ='BGS PTY25 Cost Alloc'!AG69 -> 13379.145
B70: November | E70: ='BGS PTY25 Cost Alloc'!E70 -> 11948 | F70: ='BGS PTY25 Cost Alloc'!F70 -> 656901 | G70: ='BGS PTY25 Cost Alloc'!G70 -> 442776 | H70: ='BGS PTY25 Cost Alloc'!H70 -> 12650 | I70: ='BGS PTY25 Cost Alloc'!I70 -> 10086 | J70: =SUM(E70:I70) -> 1134361 | M70: =E70-ROUND(SUM($W70/1000),0) -> 11200 | V70: ='BGS PTY25 Cost Alloc'!V70 -> 46327 | W70: ='BGS PTY25 Cost Alloc'!W70 -> 748343 | X70: ='BGS PTY25 Cost Alloc'!X70 -> 25714 | Y70: =W70-X70 -> 722629 | Z70: ='BGS PTY25 Cost Alloc'!Z70 -> 1048855 | AA70: ='BGS PTY25 Cost Alloc'!AA70 -> 11200.158 | AB70: ='BGS PTY25 Cost Alloc'!AB70 -> 655852.35 | AC70: ='BGS PTY25 Cost Alloc'!AC70 -> 442801.51 | AD70: ='BGS PTY25 Cost Alloc'!AD70 -> 494150.42 | AG70: ='BGS PTY25 Cost Alloc'!AG70 -> 12650.227
B71: December | E71: ='BGS PTY25 Cost Alloc'!E71 -> 17569 | F71: ='BGS PTY25 Cost Alloc'!F71 -> 834560 | G71: ='BGS PTY25 Cost Alloc'!G71 -> 504665 | H71: ='BGS PTY25 Cost Alloc'!H71 -> 17090 | I71: ='BGS PTY25 Cost Alloc'!I71 -> 10088 | J71: =SUM(E71:I71) -> 1383972 | M71: =E71-ROUND(SUM($W71/1000),0) -> 16686 | P71: Winter MWh => | Q71: =SUM(E60:E64,E69:E71) -> 115223 | S71: Winter MWh => | T71: =SUM(H60:H64,H69:H71) -> 113111 | V71: ='BGS PTY25 Cost Alloc'!V71 -> 46357 | W71: ='BGS PTY25 Cost Alloc'!W71 -> 883278 | X71: ='BGS PTY25 Cost Alloc'!X71 -> 18583 | Y71: =W71-X71 -> 864695 | Z71: ='BGS PTY25 Cost Alloc'!Z71 -> 1583127 | AA71: ='BGS PTY25 Cost Alloc'!AA71 -> 16686.431 | AB71: ='BGS PTY25 Cost Alloc'!AB71 -> 832977.34 | AC71: ='BGS PTY25 Cost Alloc'!AC71 -> 504684.48 | AD71: ='BGS PTY25 Cost Alloc'!AD71 -> 550098.09 | AG71: ='BGS PTY25 Cost Alloc'!AG71 -> 17090.401
B72: Total | E72: =SUM(E60:E71) -> 174791 | F72: =SUM(F60:F71) -> 9648556 | G72: =SUM(G60:G71) -> 5805619 | H72: =SUM(H60:H71) -> 167062 | I72: =SUM(I60:I71) -> 120947 | J72: =SUM(E72:I72) -> 15916975 | M72: =SUM(M60:M71) -> 166729 | P72: on-peak=> | Q72: =SUMPRODUCT(E15:E19,E60:E64)+SUMPRODUCT(E24:E26,E69:E71) -> 54775.659 | R72: =Q72/Q71 -> 0.47538824 | S72: <=on-peak=> | T72: =SUMPRODUCT(H15:H19,H60:H64)+SUMPRODUCT(H24:H26,H69:H71) -> 59565.486 | U72: =T72/T71 -> 0.5266109 | W72: =SUM(W60:W71) -> 8062336 | X72: =SUM(X60:X71) -> 205070 | Y72: =SUM(Y60:Y71) -> 7857266 | Z72: =SUM(Z60:Z71) -> 14136455 | AA72: =SUM(AA60:AA71) -> 162486.84 | AB72: =SUM(AB60:AB71) -> 9638664.2 | AC72: =SUM(AC60:AC71) -> 5805824.4 | AD72: =SUM(AD60:AD71) -> 6437151.5 | AG72: =SUM(AG60:AG71) -> 167063.54
P73: off-peak=> | Q73: =+Q71-Q72 -> 60447.341 | S73: <=off-peak=> | T73: =+T71-T72 -> 53545.514
V74: OPWH | W74: CTWH Total | X74: CTWH GS | Y74: CTWH RS | Z74: CTWH RSH | AB74: WH On | AC74: WH Off
A75: Table #4 | B75: Forwards Prices - Energy Only @ bulk system | G75: Table #5 | H75: Zone-Hub Basis Differential | P75: Summer MWh => | Q75: =+SUM(E65:E68) -> 59568 | S75: Summer MWh => | T75: =+SUM(H65:H68) -> 53951 | V75: =W60-W75 -> 234164 | W75: =SUM(X75:Z75) -> 382704 | X75: ='BGS PTY25 Cost Alloc'!X75 -> 9880 | Y75: ='BGS PTY25 Cost Alloc'!Y75 -> 368419 | Z75: ='BGS PTY25 Cost Alloc'!Z75 -> 4405 | AB75: =(V75*$AA$94+W75*$AA$95)/1000 -> 136.73878 | AC75: =(W60/1000)-AB75 -> 480.12922
B76: in $/MWh | H76: Based on 3 Year Average | P76: on-peak=> | Q76: =+SUMPRODUCT(E20:E23,E65:E68) -> 30539.265 | R76: =Q76/Q75 -> 0.51267904 | S76: <=on-peak=> | T76: =+SUMPRODUCT(H20:H23,H65:H68) -> 30000.485 | U76: =T76/T75 -> 0.55606911 | V76: =W61-W76 -> 194512 | W76: =SUM(X76:Z76) -> 326204 | X76: ='BGS PTY25 Cost Alloc'!X76 -> 8930 | Y76: ='BGS PTY25 Cost Alloc'!Y76 -> 314279 | Z76: ='BGS PTY25 Cost Alloc'!Z76 -> 2995 | AB76: =(V76*$AA$94+W76*$AA$95)/1000 -> 115.94659 | AC76: =(W61/1000)-AB76 -> 404.76941
C77: Initial | D77: Adjusted | E77: Initial | F77: Adjusted | P77: off-peak=> | Q77: =Q75-Q76 -> 29028.735 | S77: <=off-peak=> | T77: =T75-T76 -> 23950.515 | V77: =W62-W77 -> 204852 | W77: =SUM(X77:Z77) -> 320218 | X77: ='BGS PTY25 Cost Alloc'!X77 -> 8898 | Y77: ='BGS PTY25 Cost Alloc'!Y77 -> 308346 | Z77: ='BGS PTY25 Cost Alloc'!Z77 -> 2974 | AB77: =(V77*$AA$94+W77*$AA$95)/1000 -> 115.4748 | AC77: =(W62/1000)-AB77 -> 409.5952 | AD77: =SUM(AB65:AB68) -> 4035705.9
C78: On-Peak | D78: On-Peak | E78: Off-Peak | F78: Off-Peak | H78: On-Peak | I78: Off-Peak | Q78: Delta between PJM and Tariff based On-Peak kWh | V78: =W63-W78 -> 318338 | W78: =SUM(X78:Z78) -> 539629 | X78: ='BGS PTY25 Cost Alloc'!X78 -> 17112 | Y78: ='BGS PTY25 Cost Alloc'!Y78 -> 516028 | Z78: ='BGS PTY25 Cost Alloc'!Z78 -> 6489 | AB78: =(V78*$AA$94+W78*$AA$95)/1000 -> 191.39762 | AC78: =(W63/1000)-AB78 -> 666.56938
B79: January | C79: 76.9 | D79: =ROUND(C79*$H$307,3) -> 94.146 | E79: 62.797 | F79: =ROUND(E79*$H$307,3) -> 76.88 | H79: 0.80471125 | I79: 0.87295826 | Q79: =+Q$13 -> RT{1} | T79: =+T$13 -> GST | V79: =W64-W79 -> 372180 | W79: =SUM(X79:Z79) -> 606976 | X79: ='BGS PTY25 Cost Alloc'!X79 -> 16097 | Y79: ='BGS PTY25 Cost Alloc'!Y79 -> 583222 | Z79: ='BGS PTY25 Cost Alloc'!Z79 -> 7657 | AB79: =(V79*$AA$94+W79*$AA$95)/1000 -> 216.96458 | AC79: =(W64/1000)-AB79 -> 762.19142
B80: February | C80: 67.45 | D80: =ROUND(C80*$H$307,3) -> 82.576 | E80: 55.08 | F80: =ROUND(E80*$H$307,3) -> 67.432 | H80: =H79 -> 0.80471125 | I80: =I79 -> 0.87295826 | V80: =W65-W80 -> 266875 | W80: =SUM(X80:Z80) -> 402770 | X80: ='BGS PTY25 Cost Alloc'!X80 -> 17004 | Y80: ='BGS PTY25 Cost Alloc'!Y80 -> 382306 | Z80: ='BGS PTY25 Cost Alloc'!Z80 -> 3460 | AB80: =(V80*$AA$94+W80*$AA$95)/1000 -> 146.34083 | AC80: =(W65/1000)-AB80 -> 523.30417
B81: March | C81: 52.35 | D81: =ROUND(C81*$H$307,3) -> 64.09 | E81: 42.749 | F81: =ROUND(E81*$H$307,3) -> 52.336 | H81: =H79 -> 0.80471125 | I81: =I79 -> 0.87295826 | P81: Winter | S81: Winter | V81: =W66-W81 -> 304343 | W81: =SUM(X81:Z81) -> 483293 | X81: ='BGS PTY25 Cost Alloc'!X81 -> 13008 | Y81: ='BGS PTY25 Cost Alloc'!Y81 -> 466393 | Z81: ='BGS PTY25 Cost Alloc'!Z81 -> 3892 | AB81: =(V81*$AA$94+W81*$AA$95)/1000 -> 173.70648 | AC81: =(W66/1000)-AB81 -> 613.92952
B82: April | C82: 48.05 | D82: =ROUND(C82*$H$307,3) -> 58.826 | E82: 39.238 | F82: =ROUND(E82*$H$307,3) -> 48.038 | H82: =H79 -> 0.80471125 | I82: =I79 -> 0.87295826 | P82: On-peak kWh=> | Q82: =Q72-Q61 -> 16452.182 | S82: On-peak kWh=> | T82: =T72-T61 -> 10837.793 | V82: =W67-W82 -> 221383 | W82: =SUM(X82:Z82) -> 357929 | X82: ='BGS PTY25 Cost Alloc'!X82 -> 8077 | Y82: ='BGS PTY25 Cost Alloc'!Y82 -> 345534 | Z82: ='BGS PTY25 Cost Alloc'!Z82 -> 4318 | AB82: =(V82*$AA$94+W82*$AA$95)/1000 -> 128.16986 | AC82: =(W67/1000)-AB82 -> 451.14214
B83: May | C83: 50.4 | D83: =ROUND(C83*$H$307,3) -> 61.703 | E83: 41.157 | F83: =ROUND(E83*$H$307,3) -> 50.387 | H83: =H79 -> 0.80471125 | I83: =I79 -> 0.87295826 | P83: Associated $=> | Q83: =Q82*(E117-E118) -> 121464.49 | S83: Associated $=> | T83: =T82*(H117-H118) -> 73279.349 | V83: =W68-W83 -> 138150 | W83: =SUM(X83:Z83) -> 196251 | X83: ='BGS PTY25 Cost Alloc'!X83 -> 10135 | Y83: ='BGS PTY25 Cost Alloc'!Y83 -> 184267 | Z83: ='BGS PTY25 Cost Alloc'!Z83 -> 1849 | AB83: =(V83*$AA$94+W83*$AA$95)/1000 -> 72.271032 | AC83: =(W68/1000)-AB83 -> 262.12997
B84: June | C84: 51.65 | D84: =ROUND(C84*$H$306,3) -> 74.739 | E84: 31.272 | F84: =ROUND(E84*$H$306,3) -> 45.251 | H84: 0.80644726 | I84: 0.87439401 | V84: =W69-W84 -> 219196 | W84: =SUM(X84:Z84) -> 340748 | X84: ='BGS PTY25 Cost Alloc'!X84 -> 19750 | Y84: ='BGS PTY25 Cost Alloc'!Y84 -> 317416 | Z84: ='BGS PTY25 Cost Alloc'!Z84 -> 3582 | AB84: =(V84*$AA$94+W84*$AA$95)/1000 -> 123.02228 | AC84: =(W69/1000)-AB84 -> 436.92172
B85: July | C85: 75.25 | D85: =ROUND(C85*$H$306,3) -> 108.889 | E85: 45.56 | F85: =ROUND(E85*$H$306,3) -> 65.926 | H85: =H84 -> 0.80644726 | I85: =I84 -> 0.87439401 | P85: Summer | S85: Summer | V85: =W70-W85 -> 306097 | W85: =SUM(X85:Z85) -> 442246 | X85: ='BGS PTY25 Cost Alloc'!X85 -> 21870 | Y85: ='BGS PTY25 Cost Alloc'!Y85 -> 415033 | Z85: ='BGS PTY25 Cost Alloc'!Z85 -> 5343 | AB85: =(V85*$AA$94+W85*$AA$95)/1000 -> 162.23926 | AC85: =(W70/1000)-AB85 -> 586.10374
B86: August | C86: 65.85 | D86: =ROUND(C86*$H$306,3) -> 95.287 | E86: 39.869 | F86: =ROUND(E86*$H$306,3) -> 57.691 | H86: =H84 -> 0.80644726 | I86: =I84 -> 0.87439401 | P86: On-peak kWh=> | Q86: =Q76-Q65 -> 7216.033 | S86: On-peak kWh=> | T86: =T76-T65 -> 5504.6832 | V86: =W71-W86 -> 357055 | W86: =SUM(X86:Z86) -> 526223 | X86: ='BGS PTY25 Cost Alloc'!X86 -> 15456 | Y86: ='BGS PTY25 Cost Alloc'!Y86 -> 506115 | Z86: ='BGS PTY25 Cost Alloc'!Z86 -> 4652 | AB86: =(V86*$AA$94+W86*$AA$95)/1000 -> 192.19338 | AC86: =(W71/1000)-AB86 -> 691.08462
B87: September | C87: 52.8 | D87: =ROUND(C87*$H$306,3) -> 76.403 | E87: 31.968 | F87: =ROUND(E87*$H$306,3) -> 46.258 | H87: =H84 -> 0.80644726 | I87: =I84 -> 0.87439401 | P87: Associated $=> | Q87: =Q86*(E113-E114) -> 205546.66 | S87: Associated $=> | T87: =T86*(H113-H114) -> 154159.39
B88: October | C88: 50 | D88: =ROUND(C88*$H$307,3) -> 61.213 | E88: 40.83 | F88: =ROUND(E88*$H$307,3) -> 49.987 | H88: =H79 -> 0.80471125 | I88: =I79 -> 0.87295826
B89: November | C89: 49.55 | D89: =ROUND(C89*$H$307,3) -> 60.662 | E89: 40.463 | F89: =ROUND(E89*$H$307,3) -> 49.537 | H89: =H79 -> 0.80471125 | I89: =I79 -> 0.87295826
B90: December | C90: 57.75 | D90: =ROUND(C90*$H$307,3) -> 70.701 | E90: 47.159 | F90: =ROUND(E90*$H$307,3) -> 57.735 | H90: =H79 -> 0.80471125 | I90: =I79 -> 0.87295826
X91: Average Daily
A92: Table #6 | B92: Losses | E92: =+E$13 -> RT{1} | F92: =+F$13 -> RS{2} | G92: =+G$13 -> GS{3} | H92: =+H$58 -> GST {4} | I92: =+I$13 -> OL/SL | X92: On-Peak PJM | Y92: Total | Z92: Total | AA92: On-peak
X93: Hours Mon=>Fri | Y93: On-peak | Z93: Hours | AA93: %
B94: Loss Factors = | E94: ='BGS PTY25 Cost Alloc'!E94 -> 0.105545 | F94: ='BGS PTY25 Cost Alloc'!F94 -> 0.105545 | G94: ='BGS PTY25 Cost Alloc'!G94 -> 0.105545 | H94: ='BGS PTY25 Cost Alloc'!H94 -> 0.105545 | I94: ='BGS PTY25 Cost Alloc'!I94 -> 0.105545 | W94: OPWH | X94: 4 | Y94: =X94*365*5/7 -> 1042.8571 | Z94: =365*24 -> 8760 | AA94: =Y94/Z94 -> 0.11904762
B95: Expansion Factor = | E95: =1/(1-E94) -> 1.1179992 | F95: =1/(1-F94) -> 1.1179992 | G95: =1/(1-G94) -> 1.1179992 | H95: =1/(1-H94) -> 1.1179992 | I95: =1/(1-I94) -> 1.1179992 | W95: CTWH | X95: =(9*23+10*29)/52 -> 9.5576923 | Y95: =X95*365*5/7 -> 2491.8269 | Z95: =365*24 -> 8760 | AA95: =Y95/Z95 -> 0.28445513
B97: Loss Factors from Transmission Nodes = | E97: =ROUND(1-1/E98,6) -> 0.096564 | F97: =ROUND(1-1/F98,6) -> 0.096564 | G97: =ROUND(1-1/G98,6) -> 0.096564 | H97: =ROUND(1-1/H98,6) -> 0.096564 | I97: =ROUND(1-1/I98,6) -> 0.096564
B98: Expansion Factor to Transmission Nodes = | E98: 1.1068848 | F98: 1.1068848 | G98: 1.1068848 | H98: 1.1068848 | I98: 1.1068848
B101: {4} The GS and GST units exclude the units associated with the 500 kW and above PLS accounts that will be required to take service under BGS-CIEP
B102: ='BGS PTY25 Cost Alloc'!$B$102
B103: =$B$1 -> Jersey Central Power & Light
B104: =$B$2 -> Attachment 2
A107: Table #7 | B107: Summary of Average BGS Energy Only Unit Costs @ customer - PJM Time Periods
B108: based on Forwards prices corrected for zone-hub differential and losses - PJM time periods
B109: in $/MWh
E110: =+E$13 -> RT{1} | F110: =+F$13 -> RS{2} | G110: =+G$13 -> GS{3} | H110: =+H$58 -> GST {4} | I110: =+I$13 -> OL/SL
B112: Summer - all hrs | E112: =(SUMPRODUCT(E20:E23,E65:E68,$D84:$D87,$H84:$H87)*E95+SUMPRODUCT(Q20:Q23,E65:E68,$F84:$F87,$I84:$I87)*E95)/SUM(E65:E68) -> 68.25404 | F112: =(SUMPRODUCT(F20:F23,F65:F68,$D84:$D87,$H84:$H87)*F95+SUMPRODUCT(R20:R23,F65:F68,$F84:$F87,$I84:$I87)*F95)/SUM(F65:F68) -> 68.814772 | G112: =(SUMPRODUCT(G20:G23,G65:G68,$D84:$D87,$H84:$H87)*G95+SUMPRODUCT(S20:S23,G65:G68,$F84:$F87,$I84:$I87)*G95)/SUM(G65:G68) -> 68.589676 | H112: =(SUMPRODUCT(H20:H23,H65:H68,$D84:$D87,$H84:$H87)*H95+SUMPRODUCT(T20:T23,H65:H68,$F84:$F87,$I84:$I87)*H95)/SUM(H65:H68) -> 68.759032 | I112: =(SUMPRODUCT(I20:I23,I65:I68,$D84:$D87,$H84:$H87)*I95+SUMPRODUCT(U20:U23,I65:I68,$F84:$F87,$I84:$I87)*I95)/SUM(I65:I68) -> 60.168855
B113: PJM on pk | E113: =(SUMPRODUCT(E20:E23,E65:E68,$D84:$D87,$H84:$H87)*E95)/SUMPRODUCT(E20:E23,E65:E68) -> 82.13524 | F113: =(SUMPRODUCT(F20:F23,F65:F68,$D84:$D87,$H84:$H87)*F95)/SUMPRODUCT(F20:F23,F65:F68) -> 82.296105 | G113: =(SUMPRODUCT(G20:G23,G65:G68,$D84:$D87,$H84:$H87)*G95)/SUMPRODUCT(G20:G23,G65:G68) -> 81.174374 | H113: =(SUMPRODUCT(H20:H23,H65:H68,$D84:$D87,$H84:$H87)*H95)/SUMPRODUCT(H20:H23,H65:H68) -> 81.191376 | I113: =(SUMPRODUCT(I20:I23,I65:I68,$D84:$D87,$H84:$H87)*I95)/SUMPRODUCT(I20:I23,I65:I68) -> 79.855136
B114: PJM off pk | E114: =(SUMPRODUCT(Q20:Q23,E65:E68,$F84:$F87,$I84:$I87)*E95)/SUMPRODUCT(Q20:Q23,E65:E68) -> 53.650523 | F114: =(SUMPRODUCT(R20:R23,F65:F68,$F84:$F87,$I84:$I87)*F95)/SUMPRODUCT(R20:R23,F65:F68) -> 53.782178 | G114: =(SUMPRODUCT(S20:S23,G65:G68,$F84:$F87,$I84:$I87)*G95)/SUMPRODUCT(S20:S23,G65:G68) -> 53.14079 | H114: =(SUMPRODUCT(T20:T23,H65:H68,$F84:$F87,$I84:$I87)*H95)/SUMPRODUCT(T20:T23,H65:H68) -> 53.186242 | I114: =(SUMPRODUCT(U20:U23,I65:I68,$F84:$F87,$I84:$I87)*I95)/SUMPRODUCT(U20:U23,I65:I68) -> 52.634035
B116: Winter - all hrs | E116: =(SUMPRODUCT(E15:E19,E60:E64,$D79:$D83,$H79:$H83)*E95+SUMPRODUCT(Q15:Q19,E60:E64,$F79:$F83,$I79:$I83)*E95+SUMPRODUCT(E24:E26,E69:E71,$D88:$D90,$H88:$H90)*E95+SUMPRODUCT(Q24:Q26,E69:E71,$F88:$F90,$I88:$I90)*E95)/SUM(E60:E64,E69:E71) -> 60.605243 | F116: =(SUMPRODUCT(F15:F19,F60:F64,$D79:$D83,$H79:$H83)*F95+SUMPRODUCT(R15:R19,F60:F64,$F79:$F83,$I79:$I83)*F95+SUMPRODUCT(F24:F26,F69:F71,$D88:$D90,$H88:$H90)*F95+SUMPRODUCT(R24:R26,F69:F71,$F88:$F90,$I88:$I90)*F95)/SUM(F60:F64,F69:F71) -> 60.031501 | G116: =(SUMPRODUCT(G15:G19,G60:G64,$D79:$D83,$H79:$H83)*G95+SUMPRODUCT(S15:S19,G60:G64,$F79:$F83,$I79:$I83)*G95+SUMPRODUCT(G24:G26,G69:G71,$D88:$D90,$H88:$H90)*G95+SUMPRODUCT(S24:S26,G69:G71,$F88:$F90,$I88:$I90)*G95)/SUM(G60:G64,G69:G71) -> 59.260686 | H116: =(SUMPRODUCT(H15:H19,H60:H64,$D79:$D83,$H79:$H83)*H95+SUMPRODUCT(T15:T19,H60:H64,$F79:$F83,$I79:$I83)*H95+SUMPRODUCT(H24:H26,H69:H71,$D88:$D90,$H88:$H90)*H95+SUMPRODUCT(T24:T26,H69:H71,$F88:$F90,$I88:$I90)*H95)/SUM(H60:H64,H69:H71) -> 59.238885 | I116: =(SUMPRODUCT(I15:I19,I60:I64,$D79:$D83,$H79:$H83)*I95+SUMPRODUCT(U15:U19,I60:I64,$F79:$F83,$I79:$I83)*I95+SUMPRODUCT(I24:I26,I69:I71,$D88:$D90,$H88:$H90)*I95+SUMPRODUCT(U24:U26,I69:I71,$F88:$F90,$I88:$I90)*I95)/SUM(I60:I64,I69:I71) -> 57.305721
B117: PJM on pk | E117: =(SUMPRODUCT(E15:E19,E60:E64,$D79:$D83,$H79:$H83)*E95+SUMPRODUCT(E24:E26,E69:E71,$D88:$D90,$H88:$H90)*E95)/(SUMPRODUCT(E15:E19,E60:E64)+SUMPRODUCT(E24:E26,E69:E71)) -> 64.478389 | F117: =(SUMPRODUCT(F15:F19,F60:F64,$D79:$D83,$H79:$H83)*F95+SUMPRODUCT(F24:F26,F69:F71,$D88:$D90,$H88:$H90)*F95)/(SUMPRODUCT(F15:F19,F60:F64)+SUMPRODUCT(F24:F26,F69:F71)) -> 63.658651 | G117: =(SUMPRODUCT(G15:G19,G60:G64,$D79:$D83,$H79:$H83)*G95+SUMPRODUCT(G24:G26,G69:G71,$D88:$D90,$H88:$H90)*G95)/(SUMPRODUCT(G15:G19,G60:G64)+SUMPRODUCT(G24:G26,G69:G71)) -> 62.579898 | H117: =(SUMPRODUCT(H15:H19,H60:H64,$D79:$D83,$H79:$H83)*H95+SUMPRODUCT(H24:H26,H69:H71,$D88:$D90,$H88:$H90)*H95)/(SUMPRODUCT(H15:H19,H60:H64)+SUMPRODUCT(H24:H26,H69:H71)) -> 62.439689 | I117: =(SUMPRODUCT(I15:I19,I60:I64,$D79:$D83,$H79:$H83)*I95+SUMPRODUCT(I24:I26,I69:I71,$D88:$D90,$H88:$H90)*I95)/(SUMPRODUCT(I15:I19,I60:I64)+SUMPRODUCT(I24:I26,I69:I71)) -> 62.423058
...

Sheet BGS PTY24 Cost Alloc
B1: Jersey Central Power & Light
B2: Attachment 2
B3: ='BGS PTY25 Cost Alloc'!$B$3 -> 2027 BGS Auction Cost and Bid Factor Tables
B5: 2026/2027 BGS Supply Period Estimated Supplier Payments Allocated by Rate Class
B8: Development of Post Transition Period BGS Cost and Bid Factors
B9: Adjusted to Billing Time Periods
E10: ='BGS PTY25 Cost Alloc'!$E$10 -> Based on an average of 2023, 2024 and 2025 Load Information
A11: Table #1 | B11: % Usage During PJM On-Peak Period | E11: On-Peak periods defined as the 16 hr PJM Trading period, adj for NERC holidays | Q11: % usage during Off-Peak period
E12: Profile Meter Data | F12: Profile Meter Data | G12: Profile Meter Data | H12: Profile Meter Data | I12: Other Analysis | Q12: Profile Meter Data | R12: Profile Meter Data | S12: Profile Meter Data | T12: Profile Meter Data | U12: Other Analysis
B13: (data rounded to nearest .01 %) | E13: RT{1} | F13: RS{2} | G13: GS{3} | H13: GST | I13: OL/SL | Q13: =+E13 -> RT{1} | R13: =+F13 -> RS{2} | S13: =+G13 -> GS{3} | T13: =+H13 -> GST | U13: =+I13 -> OL/SL
B15: January | E15: ='BGS PTY25 Cost Alloc'!E15 -> 0.4788 | F15: ='BGS PTY25 Cost Alloc'!F15 -> 0.4914 | G15: ='BGS PTY25 Cost Alloc'!G15 -> 0.5069 | H15: ='BGS PTY25 Cost Alloc'!H15 -> 0.5078 | I15: ='BGS PTY25 Cost Alloc'!I15 -> 0.3115 | Q15: =1-E15 -> 0.5212 | R15: =1-F15 -> 0.5086 | S15: =1-G15 -> 0.4931 | T15: =1-H15 -> 0.4922 | U15: =1-I15 -> 0.6885
B16: February | E16: ='BGS PTY25 Cost Alloc'!E16 -> 0.4777 | F16: ='BGS PTY25 Cost Alloc'!F16 -> 0.4944 | G16: ='BGS PTY25 Cost Alloc'!G16 -> 0.5108 | H16: ='BGS PTY25 Cost Alloc'!H16 -> 0.5125 | I16: ='BGS PTY25 Cost Alloc'!I16 -> 0.294 | Q16: =1-E16 -> 0.5223 | R16: =1-F16 -> 0.5056 | S16: =1-G16 -> 0.4892 | T16: =1-H16 -> 0.4875 | U16: =1-I16 -> 0.706
B17: March | E17: ='BGS PTY25 Cost Alloc'!E17 -> 0.4867 | F17: ='BGS PTY25 Cost Alloc'!F17 -> 0.5035 | G17: ='BGS PTY25 Cost Alloc'!G17 -> 0.5195 | H17: ='BGS PTY25 Cost Alloc'!H17 -> 0.5017 | I17: ='BGS PTY25 Cost Alloc'!I17 -> 0.2854 | Q17: =1-E17 -> 0.5133 | R17: =1-F17 -> 0.4965 | S17: =1-G17 -> 0.4805 | T17: =1-H17 -> 0.4983 | U17: =1-I17 -> 0.7146
B18: April | E18: ='BGS PTY25 Cost Alloc'!E18 -> 0.4779 | F18: ='BGS PTY25 Cost Alloc'!F18 -> 0.5003 | G18: ='BGS PTY25 Cost Alloc'!G18 -> 0.5139 | H18: ='BGS PTY25 Cost Alloc'!H18 -> 0.5313 | I18: ='BGS PTY25 Cost Alloc'!I18 -> 0.2904 | Q18: =1-E18 -> 0.5221 | R18: =1-F18 -> 0.4997 | S18: =1-G18 -> 0.4861 | T18: =1-H18 -> 0.4687 | U18: =1-I18 -> 0.7096
B19: May | E19: ='BGS PTY25 Cost Alloc'!E19 -> 0.4764 | F19: ='BGS PTY25 Cost Alloc'!F19 -> 0.4943 | G19: ='BGS PTY25 Cost Alloc'!G19 -> 0.5121 | H19: ='BGS PTY25 Cost Alloc'!H19 -> 0.5075 | I19: ='BGS PTY25 Cost Alloc'!I19 -> 0.2823 | Q19: =1-E19 -> 0.5236 | R19: =1-F19 -> 0.5057 | S19: =1-G19 -> 0.4879 | T19: =1-H19 -> 0.4925 | U19: =1-I19 -> 0.7177
B20: June | E20: ='BGS PTY25 Cost Alloc'!E20 -> 0.5235 | F20: ='BGS PTY25 Cost Alloc'!F20 -> 0.5402 | G20: ='BGS PTY25 Cost Alloc'!G20 -> 0.5549 | H20: ='BGS PTY25 Cost Alloc'!H20 -> 0.5528 | I20: ='BGS PTY25 Cost Alloc'!I20 -> 0.2733 | Q20: =1-E20 -> 0.4765 | R20: =1-F20 -> 0.4598 | S20: =1-G20 -> 0.4451 | T20: =1-H20 -> 0.4472 | U20: =1-I20 -> 0.7267
B21: July | E21: ='BGS PTY25 Cost Alloc'!E21 -> 0.523 | F21: ='BGS PTY25 Cost Alloc'!F21 -> 0.537 | G21: ='BGS PTY25 Cost Alloc'!G21 -> 0.5551 | H21: ='BGS PTY25 Cost Alloc'!H21 -> 0.5617 | I21: ='BGS PTY25 Cost Alloc'!I21 -> 0.2644 | Q21: =1-E21 -> 0.477 | R21: =1-F21 -> 0.463 | S21: =1-G21 -> 0.4449 | T21: =1-H21 -> 0.4383 | U21: =1-I21 -> 0.7356
B22: August | E22: ='BGS PTY25 Cost Alloc'!E22 -> 0.516 | F22: ='BGS PTY25 Cost Alloc'!F22 -> 0.5292 | G22: ='BGS PTY25 Cost Alloc'!G22 -> 0.5565 | H22: ='BGS PTY25 Cost Alloc'!H22 -> 0.5549 | I22: ='BGS PTY25 Cost Alloc'!I22 -> 0.2826 | Q22: =1-E22 -> 0.484 | R22: =1-F22 -> 0.4708 | S22: =1-G22 -> 0.4435 | T22: =1-H22 -> 0.4451 | U22: =1-I22 -> 0.7174
B23: September | E23: ='BGS PTY25 Cost Alloc'!E23 -> 0.4799 | F23: ='BGS PTY25 Cost Alloc'!F23 -> 0.4961 | G23: ='BGS PTY25 Cost Alloc'!G23 -> 0.5352 | H23: ='BGS PTY25 Cost Alloc'!H23 -> 0.5541 | I23: ='BGS PTY25 Cost Alloc'!I23 -> 0.2869 | Q23: =1-E23 -> 0.5201 | R23: =1-F23 -> 0.5039 | S23: =1-G23 -> 0.4648 | T23: =1-H23 -> 0.4459 | U23: =1-I23 -> 0.7131
B24: October | E24: ='BGS PTY25 Cost Alloc'!E24 -> 0.5049 | F24: ='BGS PTY25 Cost Alloc'!F24 -> 0.525 | G24: ='BGS PTY25 Cost Alloc'!G24 -> 0.5637 | H24: ='BGS PTY25 Cost Alloc'!H24 -> 0.5921 | I24: ='BGS PTY25 Cost Alloc'!I24 -> 0.3242 | Q24: =1-E24 -> 0.4951 | R24: =1-F24 -> 0.475 | S24: =1-G24 -> 0.4363 | T24: =1-H24 -> 0.4079 | U24: =1-I24 -> 0.6758
B25: November | E25: ='BGS PTY25 Cost Alloc'!E25 -> 0.4512 | F25: ='BGS PTY25 Cost Alloc'!F25 -> 0.4731 | G25: ='BGS PTY25 Cost Alloc'!G25 -> 0.5108 | H25: ='BGS PTY25 Cost Alloc'!H25 -> 0.5239 | I25: ='BGS PTY25 Cost Alloc'!I25 -> 0.2962 | Q25: =1-E25 -> 0.5488 | R25: =1-F25 -> 0.5269 | S25: =1-G25 -> 0.4892 | T25: =1-H25 -> 0.4761 | U25: =1-I25 -> 0.7038
B26: December | E26: ='BGS PTY25 Cost Alloc'!E26 -> 0.4583 | F26: ='BGS PTY25 Cost Alloc'!F26 -> 0.4784 | G26: ='BGS PTY25 Cost Alloc'!G26 -> 0.5094 | H26: ='BGS PTY25 Cost Alloc'!H26 -> 0.5367 | I26: ='BGS PTY25 Cost Alloc'!I26 -> 0.305 | Q26: =1-E26 -> 0.5417 | R26: =1-F26 -> 0.5216 | S26: =1-G26 -> 0.4906 | T26: =1-H26 -> 0.4633 | U26: =1-I26 -> 0.695
A29: Table #2 | B29: % Usage During JCP&L On-Peak Billing Period | F29: On-Peak periods as defined in specified rate schedule
E30: ='BGS PTY25 Cost Alloc'!$E$30 -> 2026 Forecasted Calendar Month Sales | F30: N/A | G30: N/A | H30: ='BGS PTY25 Cost Alloc'!$E$30 -> 2026 Forecasted Calendar Month Sales | I30: N/A | Q30: ='BGS PTY25 Cost Alloc'!Q30 -> 2026 Forecasted Calendar Month Sales | R30: N/A | S30: N/A | T30: ='BGS PTY25 Cost Alloc'!T30 -> 2026 Forecasted Calendar Month Sales | U30: N/A
B31: (data rounded to nearest .01 %) | E31: =+E$13 -> RT{1} | F31: =+F$13 -> RS{2} | G31: =+G$13 -> GS{3} | H31: =+H$13 -> GST | I31: =+I$13 -> OL/SL | Q31: =+Q$13 -> RT{1} | R31: =+R$13 -> RS{2} | S31: =+S$13 -> GS{3} | T31: =+T$13 -> GST | U31: =+U$13 -> OL/SL
B33: January | E33: ='BGS PTY25 Cost Alloc'!E33 -> 0.3497 | F33: ---- | G33: ---- | H33: ='BGS PTY25 Cost Alloc'!H33 -> 0.4171 | I33: ---- | Q33: =1-E33 -> 0.6503 | T33: =1-H33 -> 0.5829
B34: February | E34: ='BGS PTY25 Cost Alloc'!E34 -> 0.3428 | F34: ---- | G34: ---- | H34: ='BGS PTY25 Cost Alloc'!H34 -> 0.4186 | I34: ---- | Q34: =1-E34 -> 0.6572 | T34: =1-H34 -> 0.5814
B35: March | E35: ='BGS PTY25 Cost Alloc'!E35 -> 0.3394 | F35: ---- | G35: ---- | H35: ='BGS PTY25 Cost Alloc'!H35 -> 0.4184 | I35: ---- | Q35: =1-E35 -> 0.6606 | T35: =1-H35 -> 0.5816
B36: April | E36: ='BGS PTY25 Cost Alloc'!E36 -> 0.3494 | F36: ---- | G36: ---- | H36: ='BGS PTY25 Cost Alloc'!H36 -> 0.4286 | I36: ---- | Q36: =1-E36 -> 0.6506 | T36: =1-H36 -> 0.5714
B37: May | E37: ='BGS PTY25 Cost Alloc'!E37 -> 0.3693 | F37: ---- | G37: ---- | H37: ='BGS PTY25 Cost Alloc'!H37 -> 0.4441 | I37: ---- | Q37: =1-E37 -> 0.6307 | T37: =1-H37 -> 0.5559
B38: June | E38: ='BGS PTY25 Cost Alloc'!E38 -> 0.4003 | F38: ---- | G38: ---- | H38: ='BGS PTY25 Cost Alloc'!H38 -> 0.4565 | I38: ---- | Q38: =1-E38 -> 0.5997 | T38: =1-H38 -> 0.5435
B39: July | E39: ='BGS PTY25 Cost Alloc'!E39 -> 0.4173 | F39: ---- | G39: ---- | H39: ='BGS PTY25 Cost Alloc'!H39 -> 0.4546 | I39: ---- | Q39: =1-E39 -> 0.5827 | T39: =1-H39 -> 0.5454
B40: August | E40: ='BGS PTY25 Cost Alloc'!E40 -> 0.4145 | F40: ---- | G40: ---- | H40: ='BGS PTY25 Cost Alloc'!H40 -> 0.4523 | I40: ---- | Q40: =1-E40 -> 0.5855 | T40: =1-H40 -> 0.5477
B41: September | E41: ='BGS PTY25 Cost Alloc'!E41 -> 0.3929 | F41: ---- | G41: ---- | H41: ='BGS PTY25 Cost Alloc'!H41 -> 0.4518 | I41: ---- | Q41: =1-E41 -> 0.6071 | T41: =1-H41 -> 0.5482
B42: October | E42: ='BGS PTY25 Cost Alloc'!E42 -> 0.3602 | F42: ---- | G42: ---- | H42: ='BGS PTY25 Cost Alloc'!H42 -> 0.4515 | I42: ---- | Q42: =1-E42 -> 0.6398 | T42: =1-H42 -> 0.5485
B43: November | E43: ='BGS PTY25 Cost Alloc'!E43 -> 0.3499 | F43: ---- | G43: ---- | H43: ='BGS PTY25 Cost Alloc'!H43 -> 0.4418 | I43: ---- | Q43: =1-E43 -> 0.6501 | T43: =1-H43 -> 0.5582
B44: December | E44: ='BGS PTY25 Cost Alloc'!E44 -> 0.3493 | F44: ---- | G44: ---- | H44: ='BGS PTY25 Cost Alloc'!H44 -> 0.4289 | I44: ---- | Q44: =1-E44 -> 0.6507 | T44: =1-H44 -> 0.5711
B46: {1} For BGS purposes the RT rate class includes the RS and GS rate class Off-Peak (OPWH) and Controlled Water Heating (CTWH) provisions. The RT rate class also includes the
B47: summer billing month RGT rate class usage. OPWH and CTWH is billed on the average RT rates, while RT and Summer RGT use is billed at on-peak and off-peak rates.
B48: {2} For BGS purposes the RS rate class excludes the Off-Peak and Controlled Water Heating provisions and includes
B49: the winter billing month RGT rate class usage
B50: {3} For BGS purposes the GS rate class excludes the Off-Peak and Controlled Water Heating provisions
B52: =$B$1 -> Jersey Central Power & Light
B53: =$B$2 -> Attachment 2
W55: ='BGS PTY25 Cost Alloc'!Y55 -> Forecast 2026 Delivery MWh
A56: Table #3 | B56: Class Usage @ customer | Z56: kWh
B57: ='BGS PTY25 Cost Alloc'!$B$57 -> calendar month sales forecasted for 2026 | Q57: Tariff Based kWh | W57: Total
B58: in MWh | E58: =+E$13 -> RT{1} | F58: =+F$13 -> RS{2} | G58: =+G$13 -> GS{3} | H58: GST {4} | I58: =+I$13 -> OL/SL | J58: Total | M58: RT Less | Q58: =+Q$13 -> RT{1} | R58: =+R$13 -> RS{2} | S58: =+S$13 -> GS{3} | T58: =+T$13 -> GST | U58: =+U$13 -> OL/SL | W58: WH | X58: WH GS | Y58: WH RS | Z58: RGT | AA58: RT | AB58: RS | AC58: GS | AD58: GS | AG58: GST
M59: Water Heating
B60: January | E60: ='BGS PTY25 Cost Alloc'!E60 -> 19934 | F60: ='BGS PTY25 Cost Alloc'!F60 -> 897524 | G60: ='BGS PTY25 Cost Alloc'!G60 -> 508052 | H60: ='BGS PTY25 Cost Alloc'!H60 -> 14709 | I60: ='BGS PTY25 Cost Alloc'!I60 -> 10067 | J60: =SUM(E60:I60) -> 1450286 | M60: =E60-ROUND(SUM($W60/1000),0) -> 19317 | N60: winter MWh = | Q60: =SUM(E60:E64,E69:E71) -> 115223 | R60: =SUM(F60:F64,F69:F71) -> 5612850 | S60: =SUM(G60:G64,G69:G71) -> 3714049 | T60: =SUM(H60:H64,H69:H71) -> 113111 | U60: =SUM(I60:I64,I69:I71) -> 80621 | V60: ='BGS PTY25 Cost Alloc'!V60 -> 46023 | W60: ='BGS PTY25 Cost Alloc'!W60 -> 616868 | X60: ='BGS PTY25 Cost Alloc'!X60 -> 12508 | Y60: =W60-X60 -> 604360 | Z60: ='BGS PTY25 Cost Alloc'!Z60 -> 1795515 | AA60: ='BGS PTY25 Cost Alloc'!AA60 -> 19317.195 | AB60: ='BGS PTY25 Cost Alloc'!AB60 -> 895728.22 | AC60: ='BGS PTY25 Cost Alloc'!AC60 -> 508064.58 | AD60: ='BGS PTY25 Cost Alloc'!AD60 -> 558108.88 | AG60: ='BGS PTY25 Cost Alloc'!AG60 -> 14709.368
B61: February | E61: ='BGS PTY25 Cost Alloc'!E61 -> 17010 | F61: ='BGS PTY25 Cost Alloc'!F61 -> 738594 | G61: ='BGS PTY25 Cost Alloc'!G61 -> 456957 | H61: ='BGS PTY25 Cost Alloc'!H61 -> 13966 | I61: ='BGS PTY25 Cost Alloc'!I61 -> 10069 | J61: =SUM(E61:I61) -> 1236596 | M61: =E61-ROUND(SUM($W61/1000),0) -> 16489 | P61: On-Peak=> | Q61: =SUMPRODUCT(E33:E37,M60:M64)+SUMPRODUCT(E42:E44,M69:M71) -> 38323.477 | S61: <=on-peak=> | T61: =SUMPRODUCT(H33:H37,H60:H64)+SUMPRODUCT(H42:H44,H69:H71) -> 48727.693 | U61: =T61/T60 -> 0.43079535 | V61: ='BGS PTY25 Cost Alloc'!V61 -> 46054 | W61: ='BGS PTY25 Cost Alloc'!W61 -> 520716 | X61: ='BGS PTY25 Cost Alloc'!X61 -> 11630 | Y61: =W61-X61 -> 509086 | Z61: ='BGS PTY25 Cost Alloc'!Z61 -> 1522481 | AA61: ='BGS PTY25 Cost Alloc'!AA61 -> 16488.766 | AB61: ='BGS PTY25 Cost Alloc'!AB61 -> 737072.13 | AC61: ='BGS PTY25 Cost Alloc'!AC61 -> 456969.03 | AD61: ='BGS PTY25 Cost Alloc'!AD61 -> 505468.28 | AG61: ='BGS PTY25 Cost Alloc'!AG61 -> 13966.285
B62: March | E62: ='BGS PTY25 Cost Alloc'!E62 -> 15988 | F62: ='BGS PTY25 Cost Alloc'!F62 -> 706497 | G62: ='BGS PTY25 Cost Alloc'!G62 -> 467404 | H62: ='BGS PTY25 Cost Alloc'!H62 -> 13555 | I62: ='BGS PTY25 Cost Alloc'!I62 -> 10070 | J62: =SUM(E62:I62) -> 1213514 | M62: =E62-ROUND(SUM($W62/1000),0) -> 15463 | P62: Off-Peak=> | Q62: =SUMPRODUCT(Q33:Q37,M60:M64)+SUMPRODUCT(Q42:Q44,M69:M71) -> 71208.523 | S62: <=off-peak=> | T62: =+T60-T61 -> 64383.307 | V62: ='BGS PTY25 Cost Alloc'!V62 -> 46082 | W62: ='BGS PTY25 Cost Alloc'!W62 -> 525070 | X62: ='BGS PTY25 Cost Alloc'!X62 -> 10927 | Y62: =W62-X62 -> 514143 | Z62: ='BGS PTY25 Cost Alloc'!Z62 -> 1366144 | AA62: ='BGS PTY25 Cost Alloc'!AA62 -> 15462.711 | AB62: ='BGS PTY25 Cost Alloc'!AB62 -> 705130.98 | AC62: ='BGS PTY25 Cost Alloc'!AC62 -> 467414.94 | AD62: ='BGS PTY25 Cost Alloc'!AD62 -> 515049.35 | AG62: ='BGS PTY25 Cost Alloc'!AG62 -> 13555.12
B63: April | E63: ='BGS PTY25 Cost Alloc'!E63 -> 12070 | F63: ='BGS PTY25 Cost Alloc'!F63 -> 550986 | G63: ='BGS PTY25 Cost Alloc'!G63 -> 432993 | H63: ='BGS PTY25 Cost Alloc'!H63 -> 13768 | I63: ='BGS PTY25 Cost Alloc'!I63 -> 10078 | J63: =SUM(E63:I63) -> 1019895 | M63: =E63-ROUND(SUM($W63/1000),0) -> 11212 | P63: Average=> | Q63: =SUM(W60:W64,W69:W71)/1000 -> 5691.342 | V63: ='BGS PTY25 Cost Alloc'!V63 -> 46113 | W63: ='BGS PTY25 Cost Alloc'!W63 -> 857967 | X63: ='BGS PTY25 Cost Alloc'!X63 -> 21326 | Y63: =W63-X63 -> 836641 | Z63: ='BGS PTY25 Cost Alloc'!Z63 -> 975851 | AA63: ='BGS PTY25 Cost Alloc'!AA63 -> 11212.025 | AB63: ='BGS PTY25 Cost Alloc'!AB63 -> 550009.8 | AC63: ='BGS PTY25 Cost Alloc'!AC63 -> 433013.9 | AD63: ='BGS PTY25 Cost Alloc'!AD63 -> 482088.13 | AG63: ='BGS PTY25 Cost Alloc'!AG63 -> 13767.583
B64: May | E64: ='BGS PTY25 Cost Alloc'!E64 -> 11940 | F64: ='BGS PTY25 Cost Alloc'!F64 -> 642034 | G64: ='BGS PTY25 Cost Alloc'!G64 -> 446623 | H64: ='BGS PTY25 Cost Alloc'!H64 -> 13994 | I64: ='BGS PTY25 Cost Alloc'!I64 -> 10079 | J64: =SUM(E64:I64) -> 1124670 | M64: =E64-ROUND(SUM($W64/1000),0) -> 10961 | N64: summer MWh = | Q64: =+SUM(E65:E68) -> 59568 | R64: =+SUM(F65:F68) -> 4035706 | S64: =+SUM(G65:G68) -> 2091570 | T64: =+SUM(H65:H68) -> 53951 | U64: =+SUM(I65:I68) -> 40326 | V64: ='BGS PTY25 Cost Alloc'!V64 -> 46143 | W64: ='BGS PTY25 Cost Alloc'!W64 -> 979156 | X64: ='BGS PTY25 Cost Alloc'!X64 -> 20504 | Y64: =W64-X64 -> 958652 | Z64: ='BGS PTY25 Cost Alloc'!Z64 -> 904502 | AA64: ='BGS PTY25 Cost Alloc'!AA64 -> 10961.432 | AB64: ='BGS PTY25 Cost Alloc'!AB64 -> 641129.07 | AC64: ='BGS PTY25 Cost Alloc'!AC64 -> 446644.13 | AD64: ='BGS PTY25 Cost Alloc'!AD64 -> 498069.98 | AG64: ='BGS PTY25 Cost Alloc'!AG64 -> 13994.22
B65: June | E65: ='BGS PTY25 Cost Alloc'!E65 -> 13721 | F65: ='BGS PTY25 Cost Alloc'!F65 -> 876168 | G65: ='BGS PTY25 Cost Alloc'!G65 -> 508179 | H65: ='BGS PTY25 Cost Alloc'!H65 -> 15196 | I65: ='BGS PTY25 Cost Alloc'!I65 -> 10080 | J65: =SUM(E65:I65) -> 1423344 | M65: =E65-ROUND(SUM($W65/1000),0) -> 13051 | P65: First Block (0-600 kWh/month)=> | Q65: =SUMPRODUCT(E38:E41,M65:M68) -> 23323.232 | R65: ='BGS PTY25 Cost Alloc'!R65 -> 2024892.5 | S65: <=on-peak=> | T65: =+SUMPRODUCT(H38:H41,H65:H68) -> 24495.801 | U65: =T65/T64 -> 0.45403795 | V65: ='BGS PTY25 Cost Alloc'!V65 -> 46174 | W65: ='BGS PTY25 Cost Alloc'!W65 -> 669645 | X65: ='BGS PTY25 Cost Alloc'!X65 -> 19953 | Y65: =W65-X65 -> 649692 | Z65: ='BGS PTY25 Cost Alloc'!Z65 -> 1060636 | AA65: ='BGS PTY25 Cost Alloc'!AA65 -> 11991.019 | AB65: ='BGS PTY25 Cost Alloc'!AB65 -> 876167.62 | AC65: ='BGS PTY25 Cost Alloc'!AC65 -> 508199.04 | AD65: ='BGS PTY25 Cost Alloc'!AD65 -> 558912.15 | AG65: ='BGS PTY25 Cost Alloc'!AG65 -> 15196.123
B66: July | E66: ='BGS PTY25 Cost Alloc'!E66 -> 17769 | F66: ='BGS PTY25 Cost Alloc'!F66 -> 1217293 | G66: ='BGS PTY25 Cost Alloc'!G66 -> 575382 | H66: ='BGS PTY25 Cost Alloc'!H66 -> 15090 | I66: ='BGS PTY25 Cost Alloc'!I66 -> 10081 | J66: =SUM(E66:I66) -> 1835615 | M66: =E66-ROUND(SUM($W66/1000),0) -> 16981 | P66: Second Block (>600 kWh/month)=> | Q66: =SUMPRODUCT(Q38:Q41,M65:M68) -> 33873.768 | R66: ='BGS PTY25 Cost Alloc'!R66 -> 2010813.5 | S66: <=off-peak=> | T66: =+T64-T65 -> 29455.199 | V66: ='BGS PTY25 Cost Alloc'!V66 -> 46204 | W66: ='BGS PTY25 Cost Alloc'!W66 -> 787636 | X66: ='BGS PTY25 Cost Alloc'!X66 -> 16438 | Y66: =W66-X66 -> 771198 | Z66: ='BGS PTY25 Cost Alloc'!Z66 -> 1284104 | AA66: ='BGS PTY25 Cost Alloc'!AA66 -> 15697.191 | AB66: ='BGS PTY25 Cost Alloc'!AB66 -> 1217293.1 | AC66: ='BGS PTY25 Cost Alloc'!AC66 -> 575397.57 | AD66: ='BGS PTY25 Cost Alloc'!AD66 -> 635075.83 | AG66: ='BGS PTY25 Cost Alloc'!AG66 -> 15090.157
B67: August | E67: ='BGS PTY25 Cost Alloc'!E67 -> 16302 | F67: ='BGS PTY25 Cost Alloc'!F67 -> 1120590 | G67: ='BGS PTY25 Cost Alloc'!G67 -> 552263 | H67: ='BGS PTY25 Cost Alloc'!H67 -> 14133 | I67: ='BGS PTY25 Cost Alloc'!I67 -> 10082 | J67: =SUM(E67:I67) -> 1713370 | M67: =E67-ROUND(SUM($W67/1000),0) -> 15723 | P67: Average=> | Q67: =SUM(W65:W68)/1000 -> 2370.994 | V67: ='BGS PTY25 Cost Alloc'!V67 -> 46235 | W67: ='BGS PTY25 Cost Alloc'!W67 -> 579312 | X67: ='BGS PTY25 Cost Alloc'!X67 -> 9384 | Y67: =W67-X67 -> 569928 | Z67: ='BGS PTY25 Cost Alloc'!Z67 -> 1061853 | AA67: ='BGS PTY25 Cost Alloc'!AA67 -> 14661.408 | AB67: ='BGS PTY25 Cost Alloc'!AB67 -> 1120590.3 | AC67: ='BGS PTY25 Cost Alloc'!AC67 -> 552272.47 | AD67: ='BGS PTY25 Cost Alloc'!AD67 -> 615582.96 | AG67: ='BGS PTY25 Cost Alloc'!AG67 -> 14132.946
B68: September | E68: ='BGS PTY25 Cost Alloc'!E68 -> 11776 | F68: ='BGS PTY25 Cost Alloc'!F68 -> 821655 | G68: ='BGS PTY25 Cost Alloc'!G68 -> 455746 | H68: ='BGS PTY25 Cost Alloc'!H68 -> 9532 | I68: ='BGS PTY25 Cost Alloc'!I68 -> 10083 | J68: =SUM(E68:I68) -> 1308792 | M68: =E68-ROUND(SUM($W68/1000),0) -> 11442 | Q68: PJM based kWh | V68: ='BGS PTY25 Cost Alloc'!V68 -> 46266 | W68: ='BGS PTY25 Cost Alloc'!W68 -> 334401 | X68: ='BGS PTY25 Cost Alloc'!X68 -> 13376 | Y68: =W68-X68 -> 321025 | Z68: ='BGS PTY25 Cost Alloc'!Z68 -> 837016 | AA68: ='BGS PTY25 Cost Alloc'!AA68 -> 10604.641 | AB68: ='BGS PTY25 Cost Alloc'!AB68 -> 821654.92 | AC68: ='BGS PTY25 Cost Alloc'!AC68 -> 455758.8 | AD68: ='BGS PTY25 Cost Alloc'!AD68 -> 516067.43 | AG68: ='BGS PTY25 Cost Alloc'!AG68 -> 9531.96
B69: October | E69: ='BGS PTY25 Cost Alloc'!E69 -> 8764 | F69: ='BGS PTY25 Cost Alloc'!F69 -> 585754 | G69: ='BGS PTY25 Cost Alloc'!G69 -> 454579 | H69: ='BGS PTY25 Cost Alloc'!H69 -> 13379 | I69: ='BGS PTY25 Cost Alloc'!I69 -> 10084 | J69: =SUM(E69:I69) -> 1072560 | M69: =E69-ROUND(SUM($W69/1000),0) -> 8204 | Q69: =+Q$13 -> RT{1} | T69: =+T$13 -> GST | V69: ='BGS PTY25 Cost Alloc'!V69 -> 46296 | W69: ='BGS PTY25 Cost Alloc'!W69 -> 559944 | X69: ='BGS PTY25 Cost Alloc'!X69 -> 24727 | Y69: =W69-X69 -> 535217 | Z69: ='BGS PTY25 Cost Alloc'!Z69 -> 696371 | AA69: ='BGS PTY25 Cost Alloc'!AA69 -> 8203.859 | AB69: ='BGS PTY25 Cost Alloc'!AB69 -> 585058.36 | AC69: ='BGS PTY25 Cost Alloc'!AC69 -> 454603.98 | AD69: ='BGS PTY25 Cost Alloc'!AD69 -> 508480.06 | AG69: ='BGS PTY25 Cost Alloc'!AG69 -> 13379.145
B70: November | E70: ='BGS PTY25 Cost Alloc'!E70 -> 11948 | F70: ='BGS PTY25 Cost Alloc'!F70 -> 656901 | G70: ='BGS PTY25 Cost Alloc'!G70 -> 442776 | H70: ='BGS PTY25 Cost Alloc'!H70 -> 12650 | I70: ='BGS PTY25 Cost Alloc'!I70 -> 10086 | J70: =SUM(E70:I70) -> 1134361 | M70: =E70-ROUND(SUM($W70/1000),0) -> 11200 | V70: ='BGS PTY25 Cost Alloc'!V70 -> 46327 | W70: ='BGS PTY25 Cost Alloc'!W70 -> 748343 | X70: ='BGS PTY25 Cost Alloc'!X70 -> 25714 | Y70: =W70-X70 -> 722629 | Z70: ='BGS PTY25 Cost Alloc'!Z70 -> 1048855 | AA70: ='BGS PTY25 Cost Alloc'!AA70 -> 11200.158 | AB70: ='BGS PTY25 Cost Alloc'!AB70 -> 655852.35 | AC70: ='BGS PTY25 Cost Alloc'!AC70 -> 442801.51 | AD70: ='BGS PTY25 Cost Alloc'!AD70 -> 494150.42 | AE70: ='BGS PTY25 Cost Alloc'!AE70 -> 0 | AG70: ='BGS PTY25 Cost Alloc'!AG70 -> 12650.227 | AH70: ='BGS PTY25 Cost Alloc'!AH70 -> 30041280
B71: December | E71: ='BGS PTY25 Cost Alloc'!E71 -> 17569 | F71: ='BGS PTY25 Cost Alloc'!F71 -> 834560 | G71: ='BGS PTY25 Cost Alloc'!G71 -> 504665 | H71: ='BGS PTY25 Cost Alloc'!H71 -> 17090 | I71: ='BGS PTY25 Cost Alloc'!I71 -> 10088 | J71: =SUM(E71:I71) -> 1383972 | M71: =E71-ROUND(SUM($W71/1000),0) -> 16686 | P71: Winter MWh => | Q71: =SUM(E60:E64,E69:E71) -> 115223 | S71: Winter MWh => | T71: =SUM(H60:H64,H69:H71) -> 113111 | V71: ='BGS PTY25 Cost Alloc'!V71 -> 46357 | W71: ='BGS PTY25 Cost Alloc'!W71 -> 883278 | X71: ='BGS PTY25 Cost Alloc'!X71 -> 18583 | Y71: =W71-X71 -> 864695 | Z71: ='BGS PTY25 Cost Alloc'!Z71 -> 1583127 | AA71: ='BGS PTY25 Cost Alloc'!AA71 -> 16686.431 | AB71: ='BGS PTY25 Cost Alloc'!AB71 -> 832977.34 | AC71: ='BGS PTY25 Cost Alloc'!AC71 -> 504684.48 | AD71: ='BGS PTY25 Cost Alloc'!AD71 -> 550098.09 | AE71: ='BGS PTY25 Cost Alloc'!AE71 -> 0 | AG71: ='BGS PTY25 Cost Alloc'!AG71 -> 17090.401 | AH71: ='BGS PTY25 Cost Alloc'!AH71 -> 34979603
B72: Total | E72: =SUM(E60:E71) -> 174791 | F72: =SUM(F60:F71) -> 9648556 | G72: =SUM(G60:G71) -> 5805619 | H72: =SUM(H60:H71) -> 167062 | I72: =SUM(I60:I71) -> 120947 | J72: =SUM(E72:I72) -> 15916975 | M72: =SUM(M60:M71) -> 166729 | P72: on-peak=> | Q72: =SUMPRODUCT(E15:E19,E60:E64)+SUMPRODUCT(E24:E26,E69:E71) -> 54775.659 | R72: =Q72/Q71 -> 0.47538824 | S72: <=on-peak=> | T72: =SUMPRODUCT(H15:H19,H60:H64)+SUMPRODUCT(H24:H26,H69:H71) -> 59565.486 | U72: =T72/T71 -> 0.5266109 | W72: =SUM(W60:W71) -> 8062336 | X72: =SUM(X60:X71) -> 205070 | Y72: =SUM(Y60:Y71) -> 7857266 | Z72: =SUM(Z60:Z71) -> 14136455 | AA72: =SUM(AA60:AA71) -> 162486.84 | AB72: =SUM(AB60:AB71) -> 9638664.2 | AC72: =SUM(AC60:AC71) -> 5805824.4 | AD72: =SUM(AD60:AD71) -> 6437151.5 | AE72: ='BGS PTY25 Cost Alloc'!AE72 -> 0 | AG72: =SUM(AG60:AG71) -> 167063.54 | AH72: ='BGS PTY25 Cost Alloc'!AH72 -> 390793763
P73: off-peak=> | Q73: =+Q71-Q72 -> 60447.341 | S73: <=off-peak=> | T73: =+T71-T72 -> 53545.514
V74: OPWH | W74: CTWH Total | X74: CTWH GS | Y74: CTWH RS | Z74: CTWH RSH | AB74: WH On | AC74: WH Off
A75: Table #4 | B75: Forwards Prices - Energy Only @ bulk system | G75: Table #5 | H75: Zone-Hub Basis Differential | P75: Summer MWh => | Q75: =+SUM(E65:E68) -> 59568 | S75: Summer MWh => | T75: =+SUM(H65:H68) -> 53951 | V75: =W60-W75 -> 234164 | W75: =SUM(X75:Z75) -> 382704 | X75: ='BGS PTY25 Cost Alloc'!X75 -> 9880 | Y75: ='BGS PTY25 Cost Alloc'!Y75 -> 368419 | Z75: ='BGS PTY25 Cost Alloc'!Z75 -> 4405 | AB75: =(V75*$AA$94+W75*$AA$95)/1000 -> 136.73878 | AC75: =(W60/1000)-AB75 -> 480.12922
B76: in $/MWh | H76: Based on 3 Year Average | P76: on-peak=> | Q76: =+SUMPRODUCT(E20:E23,E65:E68) -> 30539.265 | R76: =Q76/Q75 -> 0.51267904 | S76: <=on-peak=> | T76: =+SUMPRODUCT(H20:H23,H65:H68) -> 30000.485 | U76: =T76/T75 -> 0.55606911 | V76: =W61-W76 -> 194512 | W76: =SUM(X76:Z76) -> 326204 | X76: ='BGS PTY25 Cost Alloc'!X76 -> 8930 | Y76: ='BGS PTY25 Cost Alloc'!Y76 -> 314279 | Z76: ='BGS PTY25 Cost Alloc'!Z76 -> 2995 | AB76: =(V76*$AA$94+W76*$AA$95)/1000 -> 115.94659 | AC76: =(W61/1000)-AB76 -> 404.76941
C77: Initial | D77: Adjusted | E77: Initial | F77: Adjusted | P77: off-peak=> | Q77: =Q75-Q76 -> 29028.735 | S77: <=off-peak=> | T77: =T75-T76 -> 23950.515 | V77: =W62-W77 -> 204852 | W77: =SUM(X77:Z77) -> 320218 | X77: ='BGS PTY25 Cost Alloc'!X77 -> 8898 | Y77: ='BGS PTY25 Cost Alloc'!Y77 -> 308346 | Z77: ='BGS PTY25 Cost Alloc'!Z77 -> 2974 | AB77: =(V77*$AA$94+W77*$AA$95)/1000 -> 115.4748 | AC77: =(W62/1000)-AB77 -> 409.5952 | AD77: =SUM(AB65:AB68) -> 4035705.9
C78: On-Peak | D78: On-Peak | E78: Off-Peak | F78: Off-Peak | H78: On-Peak | I78: Off-Peak | Q78: Delta between PJM and Tariff based On-Peak kWh | V78: =W63-W78 -> 318338 | W78: =SUM(X78:Z78) -> 539629 | X78: ='BGS PTY25 Cost Alloc'!X78 -> 17112 | Y78: ='BGS PTY25 Cost Alloc'!Y78 -> 516028 | Z78: ='BGS PTY25 Cost Alloc'!Z78 -> 6489 | AB78: =(V78*$AA$94+W78*$AA$95)/1000 -> 191.39762 | AC78: =(W63/1000)-AB78 -> 666.56938
B79: January | C79: 94.6 | D79: =ROUND(C79*$H$307,3) -> 101.178 | E79: 75.81 | F79: =ROUND(E79*$H$307,3) -> 81.081 | H79: 0.81828689 | I79: 0.87534901 | Q79: =+Q$13 -> RT{1} | T79: =+T$13 -> GST | V79: =W64-W79 -> 372180 | W79: =SUM(X79:Z79) -> 606976 | X79: ='BGS PTY25 Cost Alloc'!X79 -> 16097 | Y79: ='BGS PTY25 Cost Alloc'!Y79 -> 583222 | Z79: ='BGS PTY25 Cost Alloc'!Z79 -> 7657 | AB79: =(V79*$AA$94+W79*$AA$95)/1000 -> 216.96458 | AC79: =(W64/1000)-AB79 -> 762.19142
B80: February | C80: 82 | D80: =ROUND(C80*$H$307,3) -> 87.702 | E80: 65.712 | F80: =ROUND(E80*$H$307,3) -> 70.281 | H80: =H79 -> 0.81828689 | I80: =I79 -> 0.87534901 | V80: =W65-W80 -> 266875 | W80: =SUM(X80:Z80) -> 402770 | X80: ='BGS PTY25 Cost Alloc'!X80 -> 17004 | Y80: ='BGS PTY25 Cost Alloc'!Y80 -> 382306 | Z80: ='BGS PTY25 Cost Alloc'!Z80 -> 3460 | AB80: =(V80*$AA$94+W80*$AA$95)/1000 -> 146.34083 | AC80: =(W65/1000)-AB80 -> 523.30417
B81: March | C81: 57.4 | D81: =ROUND(C81*$H$307,3) -> 61.391 | E81: 45.999 | F81: =ROUND(E81*$H$307,3) -> 49.198 | H81: =H79 -> 0.81828689 | I81: =I79 -> 0.87534901 | P81: Winter | S81: Winter | V81: =W66-W81 -> 304343 | W81: =SUM(X81:Z81) -> 483293 | X81: ='BGS PTY25 Cost Alloc'!X81 -> 13008 | Y81: ='BGS PTY25 Cost Alloc'!Y81 -> 466393 | Z81: ='BGS PTY25 Cost Alloc'!Z81 -> 3892 | AB81: =(V81*$AA$94+W81*$AA$95)/1000 -> 173.70648 | AC81: =(W66/1000)-AB81 -> 613.92952
B82: April | C82: 55.9 | D82: =ROUND(C82*$H$307,3) -> 59.787 | E82: 44.797 | F82: =ROUND(E82*$H$307,3) -> 47.912 | H82: =H79 -> 0.81828689 | I82: =I79 -> 0.87534901 | P82: On-peak kWh=> | Q82: =Q72-Q61 -> 16452.182 | S82: On-peak kWh=> | T82: =T72-T61 -> 10837.793 | V82: =W67-W82 -> 221383 | W82: =SUM(X82:Z82) -> 357929 | X82: ='BGS PTY25 Cost Alloc'!X82 -> 8077 | Y82: ='BGS PTY25 Cost Alloc'!Y82 -> 345534 | Z82: ='BGS PTY25 Cost Alloc'!Z82 -> 4318 | AB82: =(V82*$AA$94+W82*$AA$95)/1000 -> 128.16986 | AC82: =(W67/1000)-AB82 -> 451.14214
B83: May | C83: 56.95 | D83: =ROUND(C83*$H$307,3) -> 60.91 | E83: 45.638 | F83: =ROUND(E83*$H$307,3) -> 48.811 | H83: =H79 -> 0.81828689 | I83: =I79 -> 0.87534901 | P83: Associated $=> | Q83: =Q82*(E117-E118) -> 158985.47 | S83: Associated $=> | T83: =T82*(H117-H118) -> 97151.044 | V83: =W68-W83 -> 138150 | W83: =SUM(X83:Z83) -> 196251 | X83: ='BGS PTY25 Cost Alloc'!X83 -> 10135 | Y83: ='BGS PTY25 Cost Alloc'!Y83 -> 184267 | Z83: ='BGS PTY25 Cost Alloc'!Z83 -> 1849 | AB83: =(V83*$AA$94+W83*$AA$95)/1000 -> 72.271032 | AC83: =(W68/1000)-AB83 -> 262.12997
B84: June | C84: 62.65 | D84: =ROUND(C84*$H$306,3) -> 82.966 | E84: 35.216 | F84: =ROUND(E84*$H$306,3) -> 46.635 | H84: 0.80076369 | I84: 0.84914578 | V84: =W69-W84 -> 219196 | W84: =SUM(X84:Z84) -> 340748 | X84: ='BGS PTY25 Cost Alloc'!X84 -> 19750 | Y84: ='BGS PTY25 Cost Alloc'!Y84 -> 317416 | Z84: ='BGS PTY25 Cost Alloc'!Z84 -> 3582 | AB84: =(V84*$AA$94+W84*$AA$95)/1000 -> 123.02228 | AC84: =(W69/1000)-AB84 -> 436.92172
B85: July | C85: 90.75 | D85: =ROUND(C85*$H$306,3) -> 120.178 | E85: 51.011 | F85: =ROUND(E85*$H$306,3) -> 67.552 | H85: =H84 -> 0.80076369 | I85: =I84 -> 0.84914578 | P85: Summer | S85: Summer | V85: =W70-W85 -> 306097 | W85: =SUM(X85:Z85) -> 442246 | X85: ='BGS PTY25 Cost Alloc'!X85 -> 21870 | Y85: ='BGS PTY25 Cost Alloc'!Y85 -> 415033 | Z85: ='BGS PTY25 Cost Alloc'!Z85 -> 5343 | AB85: =(V85*$AA$94+W85*$AA$95)/1000 -> 162.23926 | AC85: =(W70/1000)-AB85 -> 586.10374
B86: August | C86: 76.4 | D86: =ROUND(C86*$H$306,3) -> 101.174 | E86: 42.945 | F86: =ROUND(E86*$H$306,3) -> 56.871 | H86: =H85 -> 0.80076369 | I86: =I85 -> 0.84914578 | P86: On-peak kWh=> | Q86: =Q76-Q65 -> 7216.033 | S86: On-peak kWh=> | T86: =T76-T65 -> 5504.6832 | V86: =W71-W86 -> 357055 | W86: =SUM(X86:Z86) -> 526223 | X86: ='BGS PTY25 Cost Alloc'!X86 -> 15456 | Y86: ='BGS PTY25 Cost Alloc'!Y86 -> 506115 | Z86: ='BGS PTY25 Cost Alloc'!Z86 -> 4652 | AB86: =(V86*$AA$94+W86*$AA$95)/1000 -> 192.19338 | AC86: =(W71/1000)-AB86 -> 691.08462
B87: September | C87: 59.75 | D87: =ROUND(C87*$H$306,3) -> 79.125 | E87: 33.586 | F87: =ROUND(E87*$H$306,3) -> 44.477 | H87: =H86 -> 0.80076369 | I87: =I86 -> 0.84914578 | P87: Associated $=> | Q87: =Q86*(E113-E114) -> 259684.2 | S87: Associated $=> | T87: =T86*(H113-H114) -> 194857.97
B88: October | C88: 57.95 | D88: =ROUND(C88*$H$307,3) -> 61.98 | E88: 46.439 | F88: =ROUND(E88*$H$307,3) -> 49.668 | H88: =H79 -> 0.81828689 | I88: =I79 -> 0.87534901
B89: November | C89: 58.95 | D89: =ROUND(C89*$H$307,3) -> 63.049 | E89: 47.241 | F89: =ROUND(E89*$H$307,3) -> 50.526 | H89: =H79 -> 0.81828689 | I89: =I79 -> 0.87534901
B90: December | C90: 69.35 | D90: =ROUND(C90*$H$307,3) -> 74.172 | E90: 55.575 | F90: =ROUND(E90*$H$307,3) -> 59.439 | H90: =H79 -> 0.81828689 | I90: =I79 -> 0.87534901
X91: Average Daily
A92: Table #6 | B92: Losses | E92: =+E$13 -> RT{1} | F92: =+F$13 -> RS{2} | G92: =+G$13 -> GS{3} | H92: =+H$58 -> GST {4} | I92: =+I$13 -> OL/SL | X92: On-Peak PJM | Y92: Total | Z92: Total | AA92: On-peak
X93: Hours Mon=>Fri | Y93: On-peak | Z93: Hours | AA93: %
B94: Loss Factors = | E94: ='BGS PTY25 Cost Alloc'!E94 -> 0.105545 | F94: ='BGS PTY25 Cost Alloc'!F94 -> 0.105545 | G94: ='BGS PTY25 Cost Alloc'!G94 -> 0.105545 | H94: ='BGS PTY25 Cost Alloc'!H94 -> 0.105545 | I94: ='BGS PTY25 Cost Alloc'!I94 -> 0.105545 | W94: OPWH | X94: 4 | Y94: =X94*365*5/7 -> 1042.8571 | Z94: =365*24 -> 8760 | AA94: =Y94/Z94 -> 0.11904762
B95: Expansion Factor = | E95: =1/(1-E94) -> 1.1179992 | F95: =1/(1-F94) -> 1.1179992 | G95: =1/(1-G94) -> 1.1179992 | H95: =1/(1-H94) -> 1.1179992 | I95: =1/(1-I94) -> 1.1179992 | W95: CTWH | X95: =(9*23+10*29)/52 -> 9.5576923 | Y95: =X95*365*5/7 -> 2491.8269 | Z95: =365*24 -> 8760 | AA95: =Y95/Z95 -> 0.28445513
B97: Loss Factors from Transmission Nodes = | E97: =ROUND(1-1/E98,6) -> 0.095818 | F97: =ROUND(1-1/F98,6) -> 0.095818 | G97: =ROUND(1-1/G98,6) -> 0.095818 | H97: =ROUND(1-1/H98,6) -> 0.095818 | I97: =ROUND(1-1/I98,6) -> 0.095818
B98: Expansion Factor to Transmission Nodes = | E98: 1.105972 | F98: 1.105972 | G98: 1.105972 | H98: 1.105972 | I98: 1.105972
B101: {4} The GS and GST units exclude the units associated with the 500 kW and above PLS accounts that will be required to take service under BGS-CIEP
B102: ='BGS PTY25 Cost Alloc'!$B$102
B103: =$B$1 -> Jersey Central Power & Light
B104: =$B$2 -> Attachment 2
A107: Table #7 | B107: Summary of Average BGS Energy Only Unit Costs @ customer - PJM Time Periods
B108: based on Forwards prices corrected for zone-hub differential and losses - PJM time periods
B109: in $/MWh
E110: =+E$13 -> RT{1} | F110: =+F$13 -> RS{2} | G110: =+G$13 -> GS{3} | H110: =+H$58 -> GST {4} | I110: =+I$13 -> OL/SL
B112: Summer - all hrs | E112: =(SUMPRODUCT(E20:E23,E65:E68,$D84:$D87,$H84:$H87)*E95+SUMPRODUCT(Q20:Q23,E65:E68,$F84:$F87,$I84:$I87)*E95)/SUM(E65:E68) -> 70.729507 | F112: =(SUMPRODUCT(F20:F23,F65:F68,$D84:$D87,$H84:$H87)*F95+SUMPRODUCT(R20:R23,F65:F68,$F84:$F87,$I84:$I87)*F95)/SUM(F65:F68) -> 71.367642 | G112: =(SUMPRODUCT(G20:G23,G65:G68,$D84:$D87,$H84:$H87)*G95+SUMPRODUCT(S20:S23,G65:G68,$F84:$F87,$I84:$I87)*G95)/SUM(G65:G68) -> 71.249108 | H112: =(SUMPRODUCT(H20:H23,H65:H68,$D84:$D87,$H84:$H87)*H95+SUMPRODUCT(T20:T23,H65:H68,$F84:$F87,$I84:$I87)*H95)/SUM(H65:H68) -> 71.629103 | I112: =(SUMPRODUCT(I20:I23,I65:I68,$D84:$D87,$H84:$H87)*I95+SUMPRODUCT(U20:U23,I65:I68,$F84:$F87,$I84:$I87)*I95)/SUM(I65:I68) -> 60.713722
B113: PJM on pk | E113: =(SUMPRODUCT(E20:E23,E65:E68,$D84:$D87,$H84:$H87)*E95)/SUMPRODUCT(E20:E23,E65:E68) -> 88.266781 | F113: =(SUMPRODUCT(F20:F23,F65:F68,$D84:$D87,$H84:$H87)*F95)/SUMPRODUCT(F20:F23,F65:F68) -> 88.39548 | G113: =(SUMPRODUCT(G20:G23,G65:G68,$D84:$D87,$H84:$H87)*G95)/SUMPRODUCT(G20:G23,G65:G68) -> 87.125641 | H113: =(SUMPRODUCT(H20:H23,H65:H68,$D84:$D87,$H84:$H87)*H95)/SUMPRODUCT(H20:H23,H65:H68) -> 87.343626 | I113: =(SUMPRODUCT(I20:I23,I65:I68,$D84:$D87,$H84:$H87)*I95)/SUMPRODUCT(I20:I23,I65:I68) -> 85.500215
B114: PJM off pk | E114: =(SUMPRODUCT(Q20:Q23,E65:E68,$F84:$F87,$I84:$I87)*E95)/SUMPRODUCT(Q20:Q23,E65:E68) -> 52.279668 | F114: =(SUMPRODUCT(R20:R23,F65:F68,$F84:$F87,$I84:$I87)*F95)/SUMPRODUCT(R20:R23,F65:F68) -> 52.380456 | G114: =(SUMPRODUCT(S20:S23,G65:G68,$F84:$F87,$I84:$I87)*G95)/SUMPRODUCT(S20:S23,G65:G68) -> 51.759191 | H114: =(SUMPRODUCT(T20:T23,H65:H68,$F84:$F87,$I84:$I87)*H95)/SUMPRODUCT(T20:T23,H65:H68) -> 51.945045 | I114: =(SUMPRODUCT(U20:U23,I65:I68,$F84:$F87,$I84:$I87)*I95)/SUMPRODUCT(U20:U23,I65:I68) -> 51.226822
B116: Winter - all hrs | E116: =(SUMPRODUCT(E15:E19,E60:E64,$D79:$D83,$H79:$H83)*E95+SUMPRODUCT(Q15:Q19,E60:E64,$F79:$F83,$I79:$I83)*E95+SUMPRODUCT(E24:E26,E69:E71,$D88:$D90,$H88:$H90)*E95+SUMPRODUCT(Q24:Q26,E69:E71,$F88:$F90,$I88:$I90)*E95)/SUM(E60:E64,E69:E71) -> 62.718047 | F116: =(SUMPRODUCT(F15:F19,F60:F64,$D79:$D83,$H79:$H83)*F95+SUMPRODUCT(R15:R19,F60:F64,$F79:$F83,$I79:$I83)*F95+SUMPRODUCT(F24:F26,F69:F71,$D88:$D90,$H88:$H90)*F95+SUMPRODUCT(R24:R26,F69:F71,$F88:$F90,$I88:$I90)*F95)/SUM(F60:F64,F69:F71) -> 62.087976 | G116: =(SUMPRODUCT(G15:G19,G60:G64,$D79:$D83,$H79:$H83)*G95+SUMPRODUCT(S15:S19,G60:G64,$F79:$F83,$I79:$I83)*G95+SUMPRODUCT(G24:G26,G69:G71,$D88:$D90,$H88:$H90)*G95+SUMPRODUCT(S24:S26,G69:G71,$F88:$F90,$I88:$I90)*G95)/SUM(G60:G64,G69:G71) -> 61.182658 | H116: =(SUMPRODUCT(H15:H19,H60:H64,$D79:$D83,$H79:$H83)*H95+SUMPRODUCT(T15:T19,H60:H64,$F79:$F83,$I79:$I83)*H95+SUMPRODUCT(H24:H26,H69:H71,$D88:$D90,$H88:$H90)*H95+SUMPRODUCT(T24:T26,H69:H71,$F88:$F90,$I88:$I90)*H95)/SUM(H60:H64,H69:H71) -> 61.184564 | I116: =(SUMPRODUCT(I15:I19,I60:I64,$D79:$D83,$H79:$H83)*I95+SUMPRODUCT(U15:U19,I60:I64,$F79:$F83,$I79:$I83)*I95+SUMPRODUCT(I24:I26,I69:I71,$D88:$D90,$H88:$H90)*I95+SUMPRODUCT(U24:U26,I69:I71,$F88:$F90,$I88:$I90)*I95)/SUM(I60:I64,I69:I71) -> 58.677081
B117: PJM on pk | E117: =(SUMPRODUCT(E15:E19,E60:E64,$D79:$D83,$H79:$H83)*E95+SUMPRODUCT(E24:E26,E69:E71,$D88:$D90,$H88:$H90)*E95)/(SUMPRODUCT(E15:E19,E60:E64)+SUMPRODUCT(E24:E26,E69:E71)) -> 67.787627 | F117: =(SUMPRODUCT(F15:F19,F60:F64,$D79:$D83,$H79:$H83)*F95+SUMPRODUCT(F24:F26,F69:F71,$D88:$D90,$H88:$H90)*F95)/(SUMPRODUCT(F15:F19,F60:F64)+SUMPRODUCT(F24:F26,F69:F71)) -> 66.841066 | G117: =(SUMPRODUCT(G15:G19,G60:G64,$D79:$D83,$H79:$H83)*G95+SUMPRODUCT(G24:G26,G69:G71,$D88:$D90,$H88:$H90)*G95)/(SUMPRODUCT(G15:G19,G60:G64)+SUMPRODUCT(G24:G26,G69:G71)) -> 65.543422 | H117: =(SUMPRODUCT(H15:H19,H60:H64,$D79:$D83,$H79:$H83)*H95+SUMPRODUCT(H24:H26,H69:H71,$D88:$D90,$H88:$H90)*H95)/(SUMPRODUCT(H15:H19,H60:H64)+SUMPRODUCT(H24:H26,H69:H71)) -> 65.428071 | I117: =(SUMPRODUCT(I15:I19,I60:I64,$D79:$D83,$H79:$H83)*I95+SUMPRODUCT(I24:I26,I69:I71,$D88:$D90,$H88:$H90)*I95)/(SUMPRODUCT(I15:I19,I60:I64)+SUMPRODUCT(I24:I26,I69:I71)) -> 65.389138
...

Sheet BGS PTY25 Cost Alloc
B1: Jersey Central Power & Light
B2: Attachment 2
B3: 2027 BGS Auction Cost and Bid Factor Tables
B5: 2027/2028 BGS Supply Period Estimated Supplier Payments Allocated by Rate Class
B8: Development of Post Transition Period BGS Cost and Bid Factors
B9: Adjusted to Billing Time Periods
E10: Based on an average of 2023, 2024 and 2025 Load Information
A11: Table #1 | B11: % Usage During PJM On-Peak Period | E11: On-Peak periods defined as the 16 hr PJM Trading period, adj for NERC holidays | Q11: % usage during Off-Peak period
E12: Profile Meter Data | F12: Profile Meter Data | G12: Profile Meter Data | H12: Profile Meter Data | I12: Other Analysis | Q12: Profile Meter Data | R12: Profile Meter Data | S12: Profile Meter Data | T12: Profile Meter Data | U12: Other Analysis
B13: (data rounded to nearest .01 %) | E13: RT{1} | F13: RS{2} | G13: GS{3} | H13: GST | I13: OL/SL | Q13: =+E13 -> RT{1} | R13: =+F13 -> RS{2} | S13: =+G13 -> GS{3} | T13: =+H13 -> GST | U13: =+I13 -> OL/SL
B15: January | E15: 0.4788 | F15: 0.4914 | G15: 0.5069 | H15: 0.5078 | I15: 0.3115 | Q15: =1-E15 -> 0.5212 | R15: =1-F15 -> 0.5086 | S15: =1-G15 -> 0.4931 | T15: =1-H15 -> 0.4922 | U15: =1-I15 -> 0.6885
B16: February | E16: 0.4777 | F16: 0.4944 | G16: 0.5108 | H16: 0.5125 | I16: 0.294 | Q16: =1-E16 -> 0.5223 | R16: =1-F16 -> 0.5056 | S16: =1-G16 -> 0.4892 | T16: =1-H16 -> 0.4875 | U16: =1-I16 -> 0.706
B17: March | E17: 0.4867 | F17: 0.5035 | G17: 0.5195 | H17: 0.5017 | I17: 0.2854 | Q17: =1-E17 -> 0.5133 | R17: =1-F17 -> 0.4965 | S17: =1-G17 -> 0.4805 | T17: =1-H17 -> 0.4983 | U17: =1-I17 -> 0.7146
B18: April | E18: 0.4779 | F18: 0.5003 | G18: 0.5139 | H18: 0.5313 | I18: 0.2904 | Q18: =1-E18 -> 0.5221 | R18: =1-F18 -> 0.4997 | S18: =1-G18 -> 0.4861 | T18: =1-H18 -> 0.4687 | U18: =1-I18 -> 0.7096
B19: May | E19: 0.4764 | F19: 0.4943 | G19: 0.5121 | H19: 0.5075 | I19: 0.2823 | Q19: =1-E19 -> 0.5236 | R19: =1-F19 -> 0.5057 | S19: =1-G19 -> 0.4879 | T19: =1-H19 -> 0.4925 | U19: =1-I19 -> 0.7177
B20: June | E20: 0.5235 | F20: 0.5402 | G20: 0.5549 | H20: 0.5528 | I20: 0.2733 | Q20: =1-E20 -> 0.4765 | R20: =1-F20 -> 0.4598 | S20: =1-G20 -> 0.4451 | T20: =1-H20 -> 0.4472 | U20: =1-I20 -> 0.7267
B21: July | E21: 0.523 | F21: 0.537 | G21: 0.5551 | H21: 0.5617 | I21: 0.2644 | Q21: =1-E21 -> 0.477 | R21: =1-F21 -> 0.463 | S21: =1-G21 -> 0.4449 | T21: =1-H21 -> 0.4383 | U21: =1-I21 -> 0.7356
B22: August | E22: 0.516 | F22: 0.5292 | G22: 0.5565 | H22: 0.5549 | I22: 0.2826 | Q22: =1-E22 -> 0.484 | R22: =1-F22 -> 0.4708 | S22: =1-G22 -> 0.4435 | T22: =1-H22 -> 0.4451 | U22: =1-I22 -> 0.7174
B23: September | E23: 0.4799 | F23: 0.4961 | G23: 0.5352 | H23: 0.5541 | I23: 0.2869 | Q23: =1-E23 -> 0.5201 | R23: =1-F23 -> 0.5039 | S23: =1-G23 -> 0.4648 | T23: =1-H23 -> 0.4459 | U23: =1-I23 -> 0.7131
B24: October | E24: 0.5049 | F24: 0.525 | G24: 0.5637 | H24: 0.5921 | I24: 0.3242 | Q24: =1-E24 -> 0.4951 | R24: =1-F24 -> 0.475 | S24: =1-G24 -> 0.4363 | T24: =1-H24 -> 0.4079 | U24: =1-I24 -> 0.6758
B25: November | E25: 0.4512 | F25: 0.4731 | G25: 0.5108 | H25: 0.5239 | I25: 0.2962 | Q25: =1-E25 -> 0.5488 | R25: =1-F25 -> 0.5269 | S25: =1-G25 -> 0.4892 | T25: =1-H25 -> 0.4761 | U25: =1-I25 -> 0.7038
B26: December | E26: 0.4583 | F26: 0.4784 | G26: 0.5094 | H26: 0.5367 | I26: 0.305 | Q26: =1-E26 -> 0.5417 | R26: =1-F26 -> 0.5216 | S26: =1-G26 -> 0.4906 | T26: =1-H26 -> 0.4633 | U26: =1-I26 -> 0.695
A29: Table #2 | B29: % Usage During JCP&L On-Peak Billing Period | F29: On-Peak periods as defined in specified rate schedule
E30: 2026 Forecasted Calendar Month Sales | F30: N/A | G30: N/A | H30: 2026 Forecasted Calendar Month Sales | I30: N/A | Q30: =E30 -> 2026 Forecasted Calendar Month Sales | R30: N/A | S30: N/A | T30: =H30 -> 2026 Forecasted Calendar Month Sales | U30: N/A
B31: (data rounded to nearest .01 %) | E31: =+E$13 -> RT{1} | F31: =+F$13 -> RS{2} | G31: =+G$13 -> GS{3} | H31: =+H$13 -> GST | I31: =+I$13 -> OL/SL | Q31: =+Q$13 -> RT{1} | R31: =+R$13 -> RS{2} | S31: =+S$13 -> GS{3} | T31: =+T$13 -> GST | U31: =+U$13 -> OL/SL
B33: January | E33: 0.3497 | F33: ---- | G33: ---- | H33: 0.4171 | I33: ---- | Q33: =1-E33 -> 0.6503 | T33: =1-H33 -> 0.5829
B34: February | E34: 0.3428 | F34: ---- | G34: ---- | H34: 0.4186 | I34: ---- | Q34: =1-E34 -> 0.6572 | T34: =1-H34 -> 0.5814
B35: March | E35: 0.3394 | F35: ---- | G35: ---- | H35: 0.4184 | I35: ---- | Q35: =1-E35 -> 0.6606 | T35: =1-H35 -> 0.5816
B36: April | E36: 0.3494 | F36: ---- | G36: ---- | H36: 0.4286 | I36: ---- | Q36: =1-E36 -> 0.6506 | T36: =1-H36 -> 0.5714
B37: May | E37: 0.3693 | F37: ---- | G37: ---- | H37: 0.4441 | I37: ---- | Q37: =1-E37 -> 0.6307 | T37: =1-H37 -> 0.5559
B38: June | E38: 0.4003 | F38: ---- | G38: ---- | H38: 0.4565 | I38: ---- | Q38: =1-E38 -> 0.5997 | T38: =1-H38 -> 0.5435
B39: July | E39: 0.4173 | F39: ---- | G39: ---- | H39: 0.4546 | I39: ---- | Q39: =1-E39 -> 0.5827 | T39: =1-H39 -> 0.5454
B40: August | E40: 0.4145 | F40: ---- | G40: ---- | H40: 0.4523 | I40: ---- | Q40: =1-E40 -> 0.5855 | T40: =1-H40 -> 0.5477
B41: September | E41: 0.3929 | F41: ---- | G41: ---- | H41: 0.4518 | I41: ---- | Q41: =1-E41 -> 0.6071 | T41: =1-H41 -> 0.5482
B42: October | E42: 0.3602 | F42: ---- | G42: ---- | H42: 0.4515 | I42: ---- | Q42: =1-E42 -> 0.6398 | T42: =1-H42 -> 0.5485
B43: November | E43: 0.3499 | F43: ---- | G43: ---- | H43: 0.4418 | I43: ---- | Q43: =1-E43 -> 0.6501 | T43: =1-H43 -> 0.5582
B44: December | E44: 0.3493 | F44: ---- | G44: ---- | H44: 0.4289 | I44: ---- | Q44: =1-E44 -> 0.6507 | T44: =1-H44 -> 0.5711
B46: {1} For BGS purposes the RT rate class includes the RS and GS rate class Off-Peak (OPWH) and Controlled Water Heating (CTWH) provisions. The RT rate class also includes the
B47: summer billing month RGT rate class usage. OPWH and CTWH is billed on the average RT rates, while RT and Summer RGT use is billed at on-peak and off-peak rates.
B48: {2} For BGS purposes the RS rate class excludes the Off-Peak and Controlled Water Heating provisions and includes
B49: the winter billing month RGT rate class usage
B50: {3} For BGS purposes the GS rate class excludes the Off-Peak and Controlled Water Heating provisions
B52: =$B$1 -> Jersey Central Power & Light | W52: ***: Jun 2026 Updt
B53: =$B$2 -> Attachment 2
Y55: Forecast 2026 Delivery MWh
A56: Table #3 | B56: Class Usage @ customer | Y56: Delivery kWh
B57: calendar month sales forecasted for 2026 | Q57: JC Tariff Based mWh | W57: Total | AB57: RS Excluding
B58: in MWh | E58: =+E$13 -> RT{1} | F58: =+F$13 -> RS{2} | G58: =+G$13 -> GS{3} | H58: GST {4} | I58: =+I$13 -> OL/SL | J58: Total | M58: RT Less | Q58: =+Q$13 -> RT{1} | R58: =+R$13 -> RS{2} | S58: =+S$13 -> GS{3} | T58: =+T$13 -> GST | U58: =+U$13 -> OL/SL | W58: WH | X58: WH GS | Y58: WH RS | Z58: RGT | AA58: RT (w/o RGT) | AB58: RT\RGT\WH | AC58: GS RSCP | AD58: Total GS (incl WH) | AF58: OL/SL | AG58: GST RSCP | AH58: GST
M59: Water Heating | V59: * | W59: kWh*** | X59: kWh*** | Y59: kWh | Z59: kWh*** | AA59: mWh*** | AB59: mWh*** | AC59: mWh | AD59: mWh*** | AF59: mWh*** | AG59: mWh | AH59: kWh***
B60: January | E60: =ROUND(AA60,0)+ROUND($W60/1000,0) -> 19934 | F60: =ROUND(AB60,0)+ROUND($Z60/1000,0) -> 897524 | G60: =ROUND(AC60,0)-ROUND(SUM($X60/1000),0) -> 508052 | H60: =ROUND(AG60,0) -> 14709 | I60: =ROUND(AF60,0) -> 10067 | J60: =SUM(E60:I60) -> 1450286 | M60: =E60-ROUND(SUM($W60/1000),0) -> 19317 | N60: winter MWh = | Q60: =SUM(E60:E64,E69:E71) -> 115223 | R60: =SUM(F60:F64,F69:F71) -> 5612850 | S60: =SUM(G60:G64,G69:G71) -> 3714049 | T60: =SUM(H60:H64,H69:H71) -> 113111 | U60: =SUM(I60:I64,I69:I71) -> 80621 | V60: 46023 | W60: 616868 | X60: 12508 | Y60: =W60-X60 -> 604360 | Z60: 1795515 | AA60: 19317.195 | AB60: 895728.22 | AC60: 508064.58 | AD60: 558108.88 | AF60: 10067.429 | AG60: 14709.368 | AH60: 34119600
B61: February | E61: =ROUND(AA61,0)+ROUND($W61/1000,0) -> 17010 | F61: =ROUND(AB61,0)+ROUND($Z61/1000,0) -> 738594 | G61: =ROUND(AC61,0)-ROUND(SUM($X61/1000),0) -> 456957 | H61: =ROUND(AG61,0) -> 13966 | I61: =ROUND(AF61,0) -> 10069 | J61: =SUM(E61:I61) -> 1236596 | M61: =E61-ROUND(SUM($W61/1000),0) -> 16489 | P61: On-Peak=> | Q61: =SUMPRODUCT(E33:E37,M60:M64)+SUMPRODUCT(E42:E44,M69:M71) -> 38323.477 | S61: <=on-peak=> | T61: =SUMPRODUCT(H33:H37,H60:H64)+SUMPRODUCT(H42:H44,H69:H71) -> 48727.693 | U61: =T61/T60 -> 0.43079535 | V61: 46054 | W61: 520716 | X61: 11630 | Y61: =W61-X61 -> 509086 | Z61: 1522481 | AA61: 16488.766 | AB61: 737072.13 | AC61: 456969.03 | AD61: 505468.28 | AF61: 10068.538 | AG61: 13966.285 | AH61: 32777434
B62: March | E62: =ROUND(AA62,0)+ROUND($W62/1000,0) -> 15988 | F62: =ROUND(AB62,0)+ROUND($Z62/1000,0) -> 706497 | G62: =ROUND(AC62,0)-ROUND(SUM($X62/1000),0) -> 467404 | H62: =ROUND(AG62,0) -> 13555 | I62: =ROUND(AF62,0) -> 10070 | J62: =SUM(E62:I62) -> 1213514 | M62: =E62-ROUND(SUM($W62/1000),0) -> 15463 | P62: Off-Peak=> | Q62: =SUMPRODUCT(Q33:Q37,M60:M64)+SUMPRODUCT(Q42:Q44,M69:M71) -> 71208.523 | S62: <=off-peak=> | T62: =+T60-T61 -> 64383.307 | V62: 46082 | W62: 525070 | X62: 10927 | Y62: =W62-X62 -> 514143 | Z62: 1366144 | AA62: 15462.711 | AB62: 705130.98 | AC62: 467414.94 | AD62: 515049.35 | AF62: 10069.741 | AG62: 13555.12 | AH62: 31397767
B63: April | E63: =ROUND(AA63,0)+ROUND($W63/1000,0) -> 12070 | F63: =ROUND(AB63,0)+ROUND($Z63/1000,0) -> 550986 | G63: =ROUND(AC63,0)-ROUND(SUM($X63/1000),0) -> 432993 | H63: =ROUND(AG63,0) -> 13768 | I63: =ROUND(AF63,0) -> 10078 | J63: =SUM(E63:I63) -> 1019895 | M63: =E63-ROUND(SUM($W63/1000),0) -> 11212 | P63: WH Average => | Q63: =SUM(W60:W64,W69:W71)/1000 -> 5691.342 | V63: 46113 | W63: 857967 | X63: 21326 | Y63: =W63-X63 -> 836641 | Z63: 975851 | AA63: 11212.025 | AB63: 550009.8 | AC63: 433013.9 | AD63: 482088.13 | AF63: 10077.654 | AG63: 13767.583 | AH63: 30596489
B64: May | E64: =ROUND(AA64,0)+ROUND($W64/1000,0) -> 11940 | F64: =ROUND(AB64,0)+ROUND($Z64/1000,0) -> 642034 | G64: =ROUND(AC64,0)-ROUND(SUM($X64/1000),0) -> 446623 | H64: =ROUND(AG64,0) -> 13994 | I64: =ROUND(AF64,0) -> 10079 | J64: =SUM(E64:I64) -> 1124670 | M64: =E64-ROUND(SUM($W64/1000),0) -> 10961 | N64: summer MWh = | Q64: =+SUM(E65:E68) -> 59568 | R64: =+SUM(F65:F68) -> 4035706 | S64: =+SUM(G65:G68) -> 2091570 | T64: =+SUM(H65:H68) -> 53951 | U64: =+SUM(I65:I68) -> 40326 | V64: 46143 | W64: 979156 | X64: 20504 | Y64: =W64-X64 -> 958652 | Z64: 904502 | AA64: 10961.432 | AB64: 641129.07 | AC64: 446644.13 | AD64: 498069.98 | AF64: 10078.759 | AG64: 13994.22 | AH64: 31700158
B65: June | E65: =ROUND(AA65,0)+ROUND(SUM($W65+$Z65)/1000,0) -> 13721 | F65: =ROUND(AB65,0) -> 876168 | G65: =ROUND(AC65,0)-ROUND(SUM($X65/1000),0) -> 508179 | H65: =ROUND(AG65,0) -> 15196 | I65: =ROUND(AF65,0) -> 10080 | J65: =SUM(E65:I65) -> 1423344 | M65: =E65-ROUND(SUM($W65/1000),0) -> 13051 | P65: First Block (0-600 kWh/month)=> | Q65: =SUMPRODUCT(E38:E41,M65:M68) -> 23323.232 | R65: =Q$95/1000*T$95/(S$95/1000) -> 2024892.5 | S65: <=on-peak=> | T65: =+SUMPRODUCT(H38:H41,H65:H68) -> 24495.801 | U65: =T65/T64 -> 0.45403795 | V65: 46174 | W65: 669645 | X65: 19953 | Y65: =W65-X65 -> 649692 | Z65: 1060636 | AA65: 11991.019 | AB65: 876167.62 | AC65: 508199.04 | AD65: 558912.15 | AF65: 10079.85 | AG65: 15196.123 | AH65: 32410434
B66: July | E66: =ROUND(AA66,0)+ROUND(SUM($W66+$Z66)/1000,0) -> 17769 | F66: =ROUND(AB66,0) -> 1217293 | G66: =ROUND(AC66,0)-ROUND(SUM($X66/1000),0) -> 575382 | H66: =ROUND(AG66,0) -> 15090 | I66: =ROUND(AF66,0) -> 10081 | J66: =SUM(E66:I66) -> 1835615 | M66: =E66-ROUND(SUM($W66/1000),0) -> 16981 | P66: Second Block (>600 kWh/month)=> | Q66: =SUMPRODUCT(Q38:Q41,M65:M68) -> 33873.768 | R66: =R$95/1000*T$95/(S$95/1000) -> 2010813.5 | S66: <=off-peak=> | T66: =+T64-T65 -> 29455.199 | V66: 46204 | W66: 787636 | X66: 16438 | Y66: =W66-X66 -> 771198 | Z66: 1284104 | AA66: 15697.191 | AB66: 1217293.1 | AC66: 575397.57 | AD66: 635075.83 | AF66: 10080.949 | AG66: 15090.157 | AH66: 36711760
B67: August | E67: =ROUND(AA67,0)+ROUND(SUM($W67+$Z67)/1000,0) -> 16302 | F67: =ROUND(AB67,0) -> 1120590 | G67: =ROUND(AC67,0)-ROUND(SUM($X67/1000),0) -> 552263 | H67: =ROUND(AG67,0) -> 14133 | I67: =ROUND(AF67,0) -> 10082 | J67: =SUM(E67:I67) -> 1713370 | M67: =E67-ROUND(SUM($W67/1000),0) -> 15723 | P67: WH Average=> | Q67: =SUM(W65:W68)/1000 -> 2370.994 | V67: 46235 | W67: 579312 | X67: 9384 | Y67: =W67-X67 -> 569928 | Z67: 1061853 | AA67: 14661.408 | AB67: 1120590.3 | AC67: 552272.47 | AD67: 615582.96 | AF67: 10082.079 | AG67: 14132.946 | AH67: 35631509
B68: September | E68: =ROUND(AA68,0)+ROUND(SUM($W68+$Z68)/1000,0) -> 11776 | F68: =ROUND(AB68,0) -> 821655 | G68: =ROUND(AC68,0)-ROUND(SUM($X68/1000),0) -> 455746 | H68: =ROUND(AG68,0) -> 9532 | I68: =ROUND(AF68,0) -> 10083 | J68: =SUM(E68:I68) -> 1308792 | M68: =E68-ROUND(SUM($W68/1000),0) -> 11442 | Q68: PJM based kWh | V68: 46266 | W68: 334401 | X68: 13376 | Y68: =W68-X68 -> 321025 | Z68: 837016 | AA68: 10604.641 | AB68: 821654.92 | AC68: 455758.8 | AD68: 516067.43 | AF68: 10083.254 | AG68: 9531.96 | AH68: 29683743
B69: October | E69: =ROUND(AA69,0)+ROUND($W69/1000,0) -> 8764 | F69: =ROUND(AB69,0)+ROUND($Z69/1000,0) -> 585754 | G69: =ROUND(AC69,0)-ROUND(SUM($X69/1000),0) -> 454579 | H69: =ROUND(AG69,0) -> 13379 | I69: =ROUND(AF69,0) -> 10084 | J69: =SUM(E69:I69) -> 1072560 | M69: =E69-ROUND(SUM($W69/1000),0) -> 8204 | Q69: =+Q$13 -> RT{1} | T69: =+T$13 -> GST | V69: 46296 | W69: 559944 | X69: 24727 | Y69: =W69-X69 -> 535217 | Z69: 696371 | AA69: 8203.859 | AB69: 585058.36 | AC69: 454603.98 | AD69: 508480.06 | AF69: 10084.482 | AG69: 13379.145 | AH69: 30743986
B70: November | E70: =ROUND(AA70,0)+ROUND($W70/1000,0) -> 11948 | F70: =ROUND(AB70,0)+ROUND($Z70/1000,0) -> 656901 | G70: =ROUND(AC70,0)-ROUND(SUM($X70/1000),0) -> 442776 | H70: =ROUND(AG70,0) -> 12650 | I70: =ROUND(AF70,0) -> 10086 | J70: =SUM(E70:I70) -> 1134361 | M70: =E70-ROUND(SUM($W70/1000),0) -> 11200 | V70: 46327 | W70: 748343 | X70: 25714 | Y70: =W70-X70 -> 722629 | Z70: 1048855 | AA70: 11200.158 | AB70: 655852.35 | AC70: 442801.51 | AD70: 494150.42 | AF70: 10085.763 | AG70: 12650.227 | AH70: 30041280
B71: December | E71: =ROUND(AA71,0)+ROUND($W71/1000,0) -> 17569 | F71: =ROUND(AB71,0)+ROUND($Z71/1000,0) -> 834560 | G71: =ROUND(AC71,0)-ROUND(SUM($X71/1000),0) -> 504665 | H71: =ROUND(AG71,0) -> 17090 | I71: =ROUND(AF71,0) -> 10088 | J71: =SUM(E71:I71) -> 1383972 | M71: =E71-ROUND(SUM($W71/1000),0) -> 16686 | P71: Winter MWh => | Q71: =SUM(E60:E64,E69:E71) -> 115223 | S71: Winter MWh => | T71: =SUM(H60:H64,H69:H71) -> 113111 | V71: 46357 | W71: 883278 | X71: 18583 | Y71: =W71-X71 -> 864695 | Z71: 1583127 | AA71: 16686.431 | AB71: 832977.34 | AC71: 504684.48 | AD71: 550098.09 | AF71: 10087.856 | AG71: 17090.401 | AH71: 34979603
B72: Total | E72: =SUM(E60:E71) -> 174791 | F72: =SUM(F60:F71) -> 9648556 | G72: =SUM(G60:G71) -> 5805619 | H72: =SUM(H60:H71) -> 167062 | I72: =SUM(I60:I71) -> 120947 | J72: =SUM(E72:I72) -> 15916975 | M72: =SUM(M60:M71) -> 166729 | P72: on-peak=> | Q72: =SUMPRODUCT(E15:E19,E60:E64)+SUMPRODUCT(E24:E26,E69:E71) -> 54775.659 | R72: =Q72/Q71 -> 0.47538824 | S72: <=on-peak=> | T72: =SUMPRODUCT(H15:H19,H60:H64)+SUMPRODUCT(H24:H26,H69:H71) -> 59565.486 | U72: =T72/T71 -> 0.5266109 | W72: =SUM(W60:W71) -> 8062336 | X72: =SUM(X60:X71) -> 205070 | Y72: =SUM(Y60:Y71) -> 7857266 | Z72: =SUM(Z60:Z71) -> 14136455 | AA72: =SUM(AA60:AA71) -> 162486.84 | AB72: =SUM(AB60:AB71) -> 9638664.2 | AC72: =SUM(AC60:AC71) -> 5805824.4 | AD72: =SUM(AD60:AD71) -> 6437151.5 | AF72: =SUM(AF60:AF71) -> 120946.35 | AG72: =SUM(AG60:AG71) -> 167063.54 | AH72: =SUM(AH60:AH71) -> 390793763
P73: off-peak=> | Q73: =+Q71-Q72 -> 60447.341 | S73: <=off-peak=> | T73: =+T71-T72 -> 53545.514
V74: OPWH | W74: CTWH Total | X74: CTWH GS*** | Y74: CTWH RS*** | Z74: CTWH RSH*** | AB74: WH OnPeak MWH | AC74: WH OffPeak MWH
A75: Table #4 | B75: Forwards Prices - Energy Only @ bulk system | G75: Table #5 | H75: Zone-Hub Basis Differential | P75: Summer MWh => | Q75: =+SUM(E65:E68) -> 59568 | S75: Summer MWh => | T75: =+SUM(H65:H68) -> 53951 | V75: =W60-W75 -> 234164 | W75: =SUM(X75:Z75) -> 382704 | X75: 9880 | Y75: 368419 | Z75: 4405 | AB75: =(V75*$AA$94+W75*$AA$95)/1000 -> 137.83397 | AC75: =(W60/1000)-AB75 -> 479.03403
B76: in $/MWh | H76: Based on 3 Year Average | P76: on-peak=> | Q76: =+SUMPRODUCT(E20:E23,E65:E68) -> 30539.265 | R76: =Q76/Q75 -> 0.51267904 | S76: <=on-peak=> | T76: =+SUMPRODUCT(H20:H23,H65:H68) -> 30000.485 | U76: =T76/T75 -> 0.55606911 | V76: =W61-W76 -> 194512 | W76: =SUM(X76:Z76) -> 326204 | X76: 8930 | Y76: 314279 | Z76: 2995 | AB76: =(V76*$AA$94+W76*$AA$95)/1000 -> 116.8801 | AC76: =(W61/1000)-AB76 -> 403.8359 | AF76: =AA60/1000 -> 19.317195 | AG76: =AB60/1000 -> 895.72822
D77: Off/On Pk | P77: off-peak=> | Q77: =Q75-Q76 -> 29028.735 | S77: <=off-peak=> | T77: =T75-T76 -> 23950.515 | V77: =W62-W77 -> 204852 | W77: =SUM(X77:Z77) -> 320218 | X77: 8898 | Y77: 308346 | Z77: 2974 | AB77: =(V77*$AA$94+W77*$AA$95)/1000 -> 116.39117 | AC77: =(W62/1000)-AB77 -> 408.67883 | AD77: =SUM(AB65:AB68) -> 4035705.9 | AF77: =AA61/1000 -> 16.488766 | AG77: =AB61/1000 -> 737.07213
C78: On-Peak | D78: LMP ratio | E78: Off-Peak | H78: On-Peak | I78: Off-Peak | Q78: Delta between PJM and Tariff based On-Peak kWh | V78: =W63-W78 -> 318338 | W78: =SUM(X78:Z78) -> 539629 | X78: 17112 | Y78: 516028 | Z78: 6489 | AB78: =(V78*$AA$94+W78*$AA$95)/1000 -> 192.94189 | AC78: =(W63/1000)-AB78 -> 665.02511 | AF78: =AA62/1000 -> 15.462711 | AG78: =AB62/1000 -> 705.13098
B79: January | C79: 101.55 | D79: 0.8002929 | E79: =ROUND(C79*D79,3) -> 81.27 | H79: 0.82044113 | I79: 0.8484277 | Q79: =+Q$13 -> RT{1} | T79: =+T$13 -> GST | V79: =W64-W79 -> 372180 | W79: =SUM(X79:Z79) -> 606976 | X79: 16097 | Y79: 583222 | Z79: 7657 | AB79: =(V79*$AA$94+W79*$AA$95)/1000 -> 218.70158 | AC79: =(W64/1000)-AB79 -> 760.45442 | AF79: =AA63/1000 -> 11.212025 | AG79: =AB63/1000 -> 550.0098
B80: February | C80: 90.6 | D80: =+$D$79 -> 0.8002929 | E80: =ROUND(C80*D80,3) -> 72.507 | H80: =H79 -> 0.82044113 | I80: =I79 -> 0.8484277 | V80: =W65-W80 -> 266875 | W80: =SUM(X80:Z80) -> 402770 | X80: 17004 | Y80: 382306 | Z80: 3460 | AB80: =(V80*$AA$94+W80*$AA$95)/1000 -> 147.49344 | AC80: =(W65/1000)-AB80 -> 522.15156 | AF80: =AA64/1000 -> 10.961432 | AG80: =AB64/1000 -> 641.12907
B81: March | C81: 61.65 | D81: =+$D$79 -> 0.8002929 | E81: =ROUND(C81*D81,3) -> 49.338 | H81: =H79 -> 0.82044113 | I81: =I79 -> 0.8484277 | P81: Winter | S81: Winter | V81: =W66-W81 -> 304343 | W81: =SUM(X81:Z81) -> 483293 | X81: 13008 | Y81: 466393 | Z81: 3892 | AB81: =(V81*$AA$94+W81*$AA$95)/1000 -> 175.08953 | AC81: =(W66/1000)-AB81 -> 612.54647 | AF81: =AA65/1000 -> 11.991019 | AG81: =AB65/1000 -> 876.16762
B82: April | C82: 61.95 | D82: =+$D$79 -> 0.8002929 | E82: =ROUND(C82*D82,3) -> 49.578 | H82: =H79 -> 0.82044113 | I82: =I79 -> 0.8484277 | P82: On-peak kWh=> | Q82: =Q72-Q61 -> 16452.182 | S82: On-peak kWh=> | T82: =T72-T61 -> 10837.793 | V82: =W67-W82 -> 221383 | W82: =SUM(X82:Z82) -> 357929 | X82: 8077 | Y82: 345534 | Z82: 4318 | AB82: =(V82*$AA$94+W82*$AA$95)/1000 -> 129.19415 | AC82: =(W67/1000)-AB82 -> 450.11785 | AF82: =AA66/1000 -> 15.697191 | AG82: =AB66/1000 -> 1217.2931
B83: May | C83: 61.15 | D83: =+$D$79 -> 0.8002929 | E83: =ROUND(C83*D83,3) -> 48.938 | H83: =H79 -> 0.82044113 | I83: =I79 -> 0.8484277 | P83: Associated $=> | Q83: =Q82*(E117-E118) -> 197611.44 | S83: Associated $=> | T83: =T82*(H117-H118) -> 123759.8 | V83: =W68-W83 -> 138150 | W83: =SUM(X83:Z83) -> 196251 | X83: 10135 | Y83: 184267 | Z83: 1849 | AB83: =(V83*$AA$94+W83*$AA$95)/1000 -> 72.832648 | AC83: =(W68/1000)-AB83 -> 261.56835 | AF83: =AA67/1000 -> 14.661408 | AG83: =AB67/1000 -> 1120.5903
B84: June | C84: 67.3 | D84: 0.5489906 | E84: =ROUND(C84*D84,3) -> 36.947 | H84: 0.76983647 | I84: 0.81124319 | V84: =W69-W84 -> 219196 | W84: =SUM(X84:Z84) -> 340748 | X84: 19750 | Y84: 317416 | Z84: 3582 | AB84: =(V84*$AA$94+W84*$AA$95)/1000 -> 123.9974 | AC84: =(W69/1000)-AB84 -> 435.9466 | AF84: =AA68/1000 -> 10.604641 | AG84: =AB68/1000 -> 821.65492
B85: July | C85: 97 | D85: =+$D$84 -> 0.5489906 | E85: =ROUND(C85*D85,3) -> 53.252 | H85: =H84 -> 0.76983647 | I85: =I84 -> 0.81124319 | P85: Summer | S85: Summer | V85: =W70-W85 -> 306097 | W85: =SUM(X85:Z85) -> 442246 | X85: 21870 | Y85: 415033 | Z85: 5343 | AB85: =(V85*$AA$94+W85*$AA$95)/1000 -> 163.50485 | AC85: =(W70/1000)-AB85 -> 584.83815 | AF85: =AA69/1000 -> 8.203859 | AG85: =AB69/1000 -> 585.05836
B86: August | C86: 80.5 | D86: =+$D$84 -> 0.5489906 | E86: =ROUND(C86*D86,3) -> 44.194 | H86: =H85 -> 0.76983647 | I86: =I85 -> 0.81124319 | P86: On-peak kWh=> | Q86: =Q76-Q65 -> 7216.033 | S86: On-peak kWh=> | T86: =T76-T65 -> 5504.6832 | V86: =W71-W86 -> 357055 | W86: =SUM(X86:Z86) -> 526223 | X86: 15456 | Y86: 506115 | Z86: 4652 | AB86: =(V86*$AA$94+W86*$AA$95)/1000 -> 193.69928 | AC86: =(W71/1000)-AB86 -> 689.57872 | AF86: =AA70/1000 -> 11.200158 | AG86: =AB70/1000 -> 655.85235
B87: September | C87: 68.95 | D87: =+$D$84 -> 0.5489906 | E87: =ROUND(C87*D87,3) -> 37.853 | H87: =H86 -> 0.76983647 | I87: =I86 -> 0.81124319 | P87: Associated $=> | Q87: =Q86*(E113-E114) -> 211478.17 | S87: Associated $=> | T87: =T86*(H113-H114) -> 159084.02 | V87: =SUM(V75:V86) -> 3137145 | W87: =SUM(W75:W86) -> 4925191 | X87: =SUM(X75:X86) -> 166217 | Y87: =SUM(Y75:Y86) -> 4707358 | Z87: =SUM(Z75:Z86) -> 51616 | AB87: =SUM(AB75:AB86) -> 1788.56 | AC87: =SUM(AC75:AC86) -> 6273.776 | AF87: =AA71/1000 -> 16.686431 | AG87: =AB71/1000 -> 832.97734
B88: October | C88: 67.15 | D88: =+$D$79 -> 0.8002929 | E88: =ROUND(C88*D88,3) -> 53.74 | H88: =H79 -> 0.82044113 | I88: =I79 -> 0.8484277
B89: November | C89: 67.3 | D89: =+$D$79 -> 0.8002929 | E89: =ROUND(C89*D89,3) -> 53.86 | H89: =H79 -> 0.82044113 | I89: =I79 -> 0.8484277
B90: December | C90: 76.8 | D90: =+$D$79 -> 0.8002929 | E90: =ROUND(C90*D90,3) -> 61.462 | H90: =H79 -> 0.82044113 | I90: =I79 -> 0.8484277
X91: Average Daily
A92: Table #6 | B92: Losses | E92: =+E$13 -> RT{1} | F92: =+F$13 -> RS{2} | G92: =+G$13 -> GS{3} | H92: =+H$58 -> GST {4} | I92: =+I$13 -> OL/SL | P92: 2026 kWh *** | Q92: 1st | R92: 2nd | S92: total | X92: On-Peak PJM | Y92: Total | Z92: Total | AA92: On-peak
P93: RS | Q93: 1885299100 | R93: 1901432290 | S93: =SUM(Q93:R93) -> 3786731390 | X93: Hours Mon=>Fri | Y93: On-peak | Z93: Hours | AA93: %
B94: Loss Factors @ Bulk = | E94: 0.105545 | F94: 0.105545 | G94: 0.105545 | H94: 0.105545 | I94: 0.105545 | P94: RSH | Q94: 139593363 | R94: 109381180 | S94: =SUM(Q94:R94) -> 248974543 | W94: OPWH | X94: 4 | Y94: =X94*365*5/7 -> 1042.8571 | Z94: =365*24 -> 8760 | AA94: =Y94/Z94 -> 0.11904762
B95: Expansion Factors @ Bulk = | E95: =1/(1-E94) -> 1.1179992 | F95: =1/(1-F94) -> 1.1179992 | G95: =1/(1-G94) -> 1.1179992 | H95: =1/(1-H94) -> 1.1179992 | I95: =1/(1-I94) -> 1.1179992 | P95: Total RS | Q95: =SUM(Q93:Q94) -> 2024892463 | R95: =SUM(R93:R94) -> 2010813470 | S95: =SUM(S93:S94) -> 4035705933 | T95: =SUM(F65:F68) -> 4035706 | W95: CTWH | X95: =(9*18+10*34)/52 -> 9.6538462 | Y95: =X95*365*5/7 -> 2516.8956 | Z95: =365*24 -> 8760 | AA95: =Y95/Z95 -> 0.28731685
B97: Loss Factors @ Transmission Node = | E97: =ROUND(1-1/E98,6) -> 0.095314 | F97: =ROUND(1-1/F98,6) -> 0.095314 | G97: =ROUND(1-1/G98,6) -> 0.095314 | H97: =ROUND(1-1/H98,6) -> 0.095314 | I97: =ROUND(1-1/I98,6) -> 0.095314
B98: Expansion Factors @ Transmission Node = | E98: 1.1053559 | F98: 1.1053559 | G98: 1.1053559 | H98: 1.1053559 | I98: 1.1053559
B101: {4} The GS and GST units exclude the units associated with the 500 kW and above PLS accounts that will be required to take service under BGS-CIEP
B103: =$B$1 -> Jersey Central Power & Light
B104: =$B$2 -> Attachment 2
A107: Table #7 | B107: Summary of Average BGS Energy Only Unit Costs @ customer - PJM Time Periods
B108: based on Forwards prices corrected for zone-hub differential and losses - PJM time periods
B109: in $/MWh
E110: =+E$13 -> RT{1} | F110: =+F$13 -> RS{2} | G110: =+G$13 -> GS{3} | H110: =+H$58 -> GST {4} | I110: =+I$13 -> OL/SL
B112: Summer - all hrs | E112: =(SUMPRODUCT(E20:E23,E65:E68,$C84:$C87,$H84:$H87)*E95+SUMPRODUCT(Q20:Q23,E65:E68,$E84:$E87,$I84:$I87)*E95)/SUM(E65:E68) -> 54.812465 | F112: =(SUMPRODUCT(F20:F23,F65:F68,$C84:$C87,$H84:$H87)*F95+SUMPRODUCT(R20:R23,F65:F68,$E84:$E87,$I84:$I87)*F95)/SUM(F65:F68) -> 55.342819 | G112: =(SUMPRODUCT(G20:G23,G65:G68,$C84:$C87,$H84:$H87)*G95+SUMPRODUCT(S20:S23,G65:G68,$E84:$E87,$I84:$I87)*G95)/SUM(G65:G68) -> 55.365132 | H112: =(SUMPRODUCT(H20:H23,H65:H68,$C84:$C87,$H84:$H87)*H95+SUMPRODUCT(T20:T23,H65:H68,$E84:$E87,$I84:$I87)*H95)/SUM(H65:H68) -> 55.535978 | I112: =(SUMPRODUCT(I20:I23,I65:I68,$C84:$C87,$H84:$H87)*I95+SUMPRODUCT(U20:U23,I65:I68,$E84:$E87,$I84:$I87)*I95)/SUM(I65:I68) -> 46.906475
B113: PJM on pk | E113: =(SUMPRODUCT(E20:E23,E65:E68,$C84:$C87,$H84:$H87)*E95)/SUMPRODUCT(E20:E23,E65:E68) -> 69.094237 | F113: =(SUMPRODUCT(F20:F23,F65:F68,$C84:$C87,$H84:$H87)*F95)/SUMPRODUCT(F20:F23,F65:F68) -> 69.215752 | G113: =(SUMPRODUCT(G20:G23,G65:G68,$C84:$C87,$H84:$H87)*G95)/SUMPRODUCT(G20:G23,G65:G68) -> 68.336553 | H113: =(SUMPRODUCT(H20:H23,H65:H68,$C84:$C87,$H84:$H87)*H95)/SUMPRODUCT(H20:H23,H65:H68) -> 68.365474 | I113: =(SUMPRODUCT(I20:I23,I65:I68,$C84:$C87,$H84:$H87)*I95)/SUMPRODUCT(I20:I23,I65:I68) -> 67.295378
B114: PJM off pk | E114: =(SUMPRODUCT(Q20:Q23,E65:E68,$E84:$E87,$I84:$I87)*E95)/SUMPRODUCT(Q20:Q23,E65:E68) -> 39.78753 | F114: =(SUMPRODUCT(R20:R23,F65:F68,$E84:$E87,$I84:$I87)*F95)/SUMPRODUCT(R20:R23,F65:F68) -> 39.873563 | G114: =(SUMPRODUCT(S20:S23,G65:G68,$E84:$E87,$I84:$I87)*G95)/SUMPRODUCT(S20:S23,G65:G68) -> 39.441509 | H114: =(SUMPRODUCT(T20:T23,H65:H68,$E84:$E87,$I84:$I87)*H95)/SUMPRODUCT(T20:T23,H65:H68) -> 39.465714 | I114: =(SUMPRODUCT(U20:U23,I65:I68,$E84:$E87,$I84:$I87)*I95)/SUMPRODUCT(U20:U23,I65:I68) -> 39.102729
B116: Winter - all hrs | E116: =(SUMPRODUCT(E15:E19,E60:E64,$C79:$C83,$H79:$H83)*E95+SUMPRODUCT(Q15:Q19,E60:E64,$E79:$E83,$I79:$I83)*E95+SUMPRODUCT(E24:E26,E69:E71,$C88:$C90,$H88:$H90)*E95+SUMPRODUCT(Q24:Q26,E69:E71,$E88:$E90,$I88:$I90)*E95)/SUM(E60:E64,E69:E71) -> 63.505352 | F116: =(SUMPRODUCT(F15:F19,F60:F64,$C79:$C83,$H79:$H83)*F95+SUMPRODUCT(R15:R19,F60:F64,$E79:$E83,$I79:$I83)*F95+SUMPRODUCT(F24:F26,F69:F71,$C88:$C90,$H88:$H90)*F95+SUMPRODUCT(R24:R26,F69:F71,$E88:$E90,$I88:$I90)*F95)/SUM(F60:F64,F69:F71) -> 63.035824 | G116: =(SUMPRODUCT(G15:G19,G60:G64,$C79:$C83,$H79:$H83)*G95+SUMPRODUCT(S15:S19,G60:G64,$E79:$E83,$I79:$I83)*G95+SUMPRODUCT(G24:G26,G69:G71,$C88:$C90,$H88:$H90)*G95+SUMPRODUCT(S24:S26,G69:G71,$E88:$E90,$I88:$I90)*G95)/SUM(G60:G64,G69:G71) -> 62.2675 | H116: =(SUMPRODUCT(H15:H19,H60:H64,$C79:$C83,$H79:$H83)*H95+SUMPRODUCT(T15:T19,H60:H64,$E79:$E83,$I79:$I83)*H95+SUMPRODUCT(H24:H26,H69:H71,$C88:$C90,$H88:$H90)*H95+SUMPRODUCT(T24:T26,H69:H71,$E88:$E90,$I88:$I90)*H95)/SUM(H60:H64,H69:H71) -> 62.289472 | I116: =(SUMPRODUCT(I15:I19,I60:I64,$C79:$C83,$H79:$H83)*I95+SUMPRODUCT(U15:U19,I60:I64,$E79:$E83,$I79:$I83)*I95+SUMPRODUCT(I24:I26,I69:I71,$C88:$C90,$H88:$H90)*I95+SUMPRODUCT(U24:U26,I69:I71,$E88:$E90,$I88:$I90)*I95)/SUM(I60:I64,I69:I71) -> 59.288589
B117: PJM on pk | E117: =(SUMPRODUCT(E15:E19,E60:E64,$C79:$C83,$H79:$H83)*E95+SUMPRODUCT(E24:E26,E69:E71,$C88:$C90,$H88:$H90)*E95)/(SUMPRODUCT(E15:E19,E60:E64)+SUMPRODUCT(E24:E26,E69:E71)) -> 69.806601 | F117: =(SUMPRODUCT(F15:F19,F60:F64,$C79:$C83,$H79:$H83)*F95+SUMPRODUCT(F24:F26,F69:F71,$C88:$C90,$H88:$H90)*F95)/(SUMPRODUCT(F15:F19,F60:F64)+SUMPRODUCT(F24:F26,F69:F71)) -> 68.984572 | G117: =(SUMPRODUCT(G15:G19,G60:G64,$C79:$C83,$H79:$H83)*G95+SUMPRODUCT(G24:G26,G69:G71,$C88:$C90,$H88:$H90)*G95)/(SUMPRODUCT(G15:G19,G60:G64)+SUMPRODUCT(G24:G26,G69:G71)) -> 67.781252 | H117: =(SUMPRODUCT(H15:H19,H60:H64,$C79:$C83,$H79:$H83)*H95+SUMPRODUCT(H24:H26,H69:H71,$C88:$C90,$H88:$H90)*H95)/(SUMPRODUCT(H15:H19,H60:H64)+SUMPRODUCT(H24:H26,H69:H71)) -> 67.695235 | I117: =(SUMPRODUCT(I15:I19,I60:I64,$C79:$C83,$H79:$H83)*I95+SUMPRODUCT(I24:I26,I69:I71,$C88:$C90,$H88:$H90)*I95)/(SUMPRODUCT(I15:I19,I60:I64)+SUMPRODUCT(I24:I26,I69:I71)) -> 67.66398
B118: PJM off pk | E118: =(SUMPRODUCT(Q15:Q19,E60:E64,$E79:$E83,$I79:$I83)*E95+SUMPRODUCT(Q24:Q26,E69:E71,$E88:$E90,$I88:$I90)*E95)/(SUMPRODUCT(Q15:Q19,E60:E64)+SUMPRODUCT(Q24:Q26,E69:E71)) -> 57.79534 | F118: =(SUMPRODUCT(R15:R19,F60:F64,$E79:$E83,$I79:$I83)*F95+SUMPRODUCT(R24:R26,F69:F71,$E88:$E90,$I88:$I90)*F95)/(SUMPRODUCT(R15:R19,F60:F64)+SUMPRODUCT(R24:R26,F69:F71)) -> 57.229197 | G118: =(SUMPRODUCT(S15:S19,G60:G64,$E79:$E83,$I79:$I83)*G95+SUMPRODUCT(S24:S26,G69:G71,$E88:$E90,$I88:$I90)*G95)/(SUMPRODUCT(S15:S19,G60:G64)+SUMPRODUCT(S24:S26,G69:G71)) -> 56.33805 | H118: =(SUMPRODUCT(T15:T19,H60:H64,$E79:$E83,$I79:$I83)*H95+SUMPRODUCT(T24:T26,H69:H71,$E88:$E90,$I88:$I90)*H95)/(SUMPRODUCT(T15:T19,H60:H64)+SUMPRODUCT(T24:T26,H69:H71)) -> 56.275954 | I118: =(SUMPRODUCT(U15:U19,I60:I64,$E79:$E83,$I79:$I83)*I95+SUMPRODUCT(U24:U26,I69:I71,$E88:$E90,$I88:$I90)*I95)/(SUMPRODUCT(U15:U19,I60:I64)+SUMPRODUCT(U24:U26,I69:I71)) -> 55.722552
...

Sheet Composite Cost Allocation
B1: Jersey Central Power & Light
B2: Attachment 2
B3: ='BGS PTY25 Cost Alloc'!$B$3 -> 2027 BGS Auction Cost and Bid Factor Tables
B5: BGS-RSCP Composite Cost Allocation
A7: Table #C1 | B7: Post Transition Year 23 Costs w/o Transmission | E7: Size of Tranches = | F7: 18
B8: in $1,000's
B10: Total Costs by Rate - in $1000 | E10: RT{1} | F10: RS{2} | G10: GS{3} | H10: GST {4} | I10: OL/SL
B11: Summer - all hrs | E11: ='BGS PTY23 Cost Alloc'!E265 -> 307.61909 | G11: ='BGS PTY23 Cost Alloc'!G265 -> 257207.69 | I11: ='BGS PTY23 Cost Alloc'!I265 -> 3742.3122
B12: JCP&L On pk | E12: ='BGS PTY23 Cost Alloc'!E266 -> 4414.4337 | H12: ='BGS PTY23 Cost Alloc'!H266 -> 3842.5379
B13: JCP&L Off pk | E13: ='BGS PTY23 Cost Alloc'!E267 -> 3006.826 | H13: ='BGS PTY23 Cost Alloc'!H267 -> 2604.0216
B14: Block 1 (0-600 kWh/m) | F14: ='BGS PTY23 Cost Alloc'!F268 -> 265500.05
B15: Block 2 (>600 kWh/m) | F15: ='BGS PTY23 Cost Alloc'!F269 -> 281051.73
B17: Winter - all hrs | E17: ='BGS PTY23 Cost Alloc'!E271 -> 700.46096 | F17: ='BGS PTY23 Cost Alloc'!F271 -> 794462.26 | G17: ='BGS PTY23 Cost Alloc'!G271 -> 432298.44 | I17: ='BGS PTY23 Cost Alloc'!I271 -> 7250.9197
B18: JCP&L On pk | E18: ='BGS PTY23 Cost Alloc'!E272 -> 6941.9161 | H18: ='BGS PTY23 Cost Alloc'!H272 -> 6623.7982
B19: JCP&L Off pk | E19: ='BGS PTY23 Cost Alloc'!E273 -> 6537.0093 | H19: ='BGS PTY23 Cost Alloc'!H273 -> 5720.4828
B21: Total Costs - in $1000
B22: Summer | E22: =SUM(E11:E15) -> 7728.8787 | F22: =SUM(F11:F15) -> 546551.78 | G22: =SUM(G11:G15) -> 257207.69 | H22: =SUM(H11:H15) -> 6446.5595 | I22: =SUM(I11:I15) -> 3742.3122 | J22: =SUM(E22:I22) -> 821677.22
B23: Winter | E23: =SUM(E17:E19) -> 14179.386 | F23: =SUM(F17:F19) -> 794462.26 | G23: =SUM(G17:G19) -> 432298.44 | H23: =SUM(H17:H19) -> 12344.281 | I23: =SUM(I17:I19) -> 7250.9197 | J23: =SUM(E23:I23) -> 1260535.3
B24: Total | E24: =SUM(E22:E23) -> 21908.265 | F24: =SUM(F22:F23) -> 1341014 | G24: =SUM(G22:G23) -> 689506.13 | H24: =SUM(H22:H23) -> 18790.841 | I24: =SUM(I22:I23) -> 10993.232 | J24: =SUM(E24:I24) -> 2082212.5
A28: Table #C2 | B28: Post Transition Year 24 Costs w/o Transmission | E28: Size of Tranches = | F28: 15
B29: in $1,000's
B31: Total Costs by Rate - in $1000 | E31: RT{1} | F31: RS{2} | G31: GS{3} | H31: GST {4} | I31: OL/SL
B32: Summer - all hrs | E32: ='BGS PTY24 Cost Alloc'!E265 -> 297.36442 | G32: ='BGS PTY24 Cost Alloc'!G265 -> 247587.4 | I32: ='BGS PTY24 Cost Alloc'!I265 -> 3414.957
B33: JCP&L On pk | E33: ='BGS PTY24 Cost Alloc'!E266 -> 4484.4789 | H33: ='BGS PTY24 Cost Alloc'!H266 -> 3864.4561
B34: JCP&L Off pk | E34: ='BGS PTY24 Cost Alloc'!E267 -> 2689.4461 | H34: ='BGS PTY24 Cost Alloc'!H267 -> 2332.5968
B35: Block 1 (0-600 kWh/m) | F35: ='BGS PTY24 Cost Alloc'!F268 -> 257568.77
B36: Block 2 (>600 kWh/m) | F36: ='BGS PTY24 Cost Alloc'!F269 -> 273175.59
B38: Winter - all hrs | E38: ='BGS PTY24 Cost Alloc'!E271 -> 674.14185 | F38: ='BGS PTY24 Cost Alloc'!F271 -> 775087.04 | G38: ='BGS PTY24 Cost Alloc'!G271 -> 413135.81 | I38: ='BGS PTY24 Cost Alloc'!I271 -> 6663.0937
B39: JCP&L On pk | E39: ='BGS PTY24 Cost Alloc'!E272 -> 6960.4231 | H39: ='BGS PTY24 Cost Alloc'!H272 -> 6485.3668
B40: JCP&L Off pk | E40: ='BGS PTY24 Cost Alloc'!E273 -> 6011.8352 | H40: ='BGS PTY24 Cost Alloc'!H273 -> 5225.159
B42: Total Costs - in $1000
B43: Summer | E43: =SUM(E32:E36) -> 7471.2894 | F43: =SUM(F32:F36) -> 530744.36 | G43: =SUM(G32:G36) -> 247587.4 | H43: =SUM(H32:H36) -> 6197.0529 | I43: =SUM(I32:I36) -> 3414.957 | J43: =SUM(E43:I43) -> 795415.06
B44: Winter | E44: =SUM(E38:E40) -> 13646.4 | F44: =SUM(F38:F40) -> 775087.04 | G44: =SUM(G38:G40) -> 413135.81 | H44: =SUM(H38:H40) -> 11710.526 | I44: =SUM(I38:I40) -> 6663.0937 | J44: =SUM(E44:I44) -> 1220242.9
B45: Total | E45: =SUM(E43:E44) -> 21117.69 | F45: =SUM(F43:F44) -> 1305831.4 | G45: =SUM(G43:G44) -> 660723.21 | H45: =SUM(H43:H44) -> 17907.579 | I45: =SUM(I43:I44) -> 10078.051 | J45: =SUM(E45:I45) -> 2015657.9
B47: ='BGS PTY25 Cost Alloc'!B46 -> {1} For BGS purposes the RT rate class includes the RS and GS rate class Off-Peak (OPWH) and Controlled Water Heating (CTWH) provisions. The RT rate class also includes the
B48: ='BGS PTY25 Cost Alloc'!B47 -> summer billing month RGT rate class usage. OPWH and CTWH is billed on the average RT rates, while RT and Summer RGT use is billed at on-peak and off-peak rates.
B49: ='BGS PTY25 Cost Alloc'!B48 -> {2} For BGS purposes the RS rate class excludes the Off-Peak and Controlled Water Heating provisions and includes
B50: ='BGS PTY25 Cost Alloc'!B49 -> the winter billing month RGT rate class usage
B51: ='BGS PTY25 Cost Alloc'!B50 -> {3} For BGS purposes the GS rate class excludes the Off-Peak and Controlled Water Heating provisions
B52: ='BGS PTY25 Cost Alloc'!B101 -> {4} The GS and GST units exclude the units associated with the 500 kW and above PLS accounts that will be required to take service under BGS-CIEP
B53: ='BGS PTY25 Cost Alloc'!B102
B54: Jersey Central Power & Light
B55: Attachment 2
A60: Table #C3 | B60: Post Transition Year 25 Costs w/o Transmission | E60: Size of Tranches = | F60: 20
B61: in $1,000's
B63: Total Costs by Rate - in $1000 | E63: RT{1} | F63: RS{2} | G63: GS{3} | H63: GST {4} | I63: OL/SL
B64: Summer - all hrs | E64: ='BGS PTY25 Cost Alloc'!E257 -> 247.09338 | G64: ='BGS PTY25 Cost Alloc'!G257 -> 204147.22 | I64: ='BGS PTY25 Cost Alloc'!I257 -> 2710.5825
B65: JCP&L On pk | E65: ='BGS PTY25 Cost Alloc'!E258 -> 3838.7642 | H65: ='BGS PTY25 Cost Alloc'!H258 -> 3236.9782
B66: JCP&L Off pk | E66: ='BGS PTY25 Cost Alloc'!E259 -> 2122.4004 | H66: ='BGS PTY25 Cost Alloc'!H259 -> 1839.3788
B67: Block 1 (0-600 kWh/m) | F67: ='BGS PTY25 Cost Alloc'!F260 -> 213832.99
B68: Block 2 (>600 kWh/m) | F68: ='BGS PTY25 Cost Alloc'!F261 -> 229743.88
B70: Winter - all hrs | E70: ='BGS PTY25 Cost Alloc'!E263 -> 648.22669 | F70: ='BGS PTY25 Cost Alloc'!F263 -> 744408.77 | G70: ='BGS PTY25 Cost Alloc'!G263 -> 398445.48 | I70: ='BGS PTY25 Cost Alloc'!I263 -> 6417.3407
B71: JCP&L On pk | E71: ='BGS PTY25 Cost Alloc'!E264 -> 6958.6488 | H71: ='BGS PTY25 Cost Alloc'!H264 -> 6320.6986
B72: JCP&L Off pk | E72: ='BGS PTY25 Cost Alloc'!E265 -> 5514.7283 | H72: ='BGS PTY25 Cost Alloc'!H265 -> 4990.8379
B74: Total Costs - in $1000
B75: Summer | E75: =SUM(E64:E68) -> 6208.258 | F75: =SUM(F64:F68) -> 443576.87 | G75: =SUM(G64:G68) -> 204147.22 | H75: =SUM(H64:H68) -> 5076.357 | I75: =SUM(I64:I68) -> 2710.5825 | J75: =SUM(E75:I75) -> 661719.29
B76: Winter | E76: =SUM(E70:E72) -> 13121.604 | F76: =SUM(F70:F72) -> 744408.77 | G76: =SUM(G70:G72) -> 398445.48 | H76: =SUM(H70:H72) -> 11311.537 | I76: =SUM(I70:I72) -> 6417.3407 | J76: =SUM(E76:I76) -> 1173704.7
B77: Total | E77: =SUM(E75:E76) -> 19329.862 | F77: =SUM(F75:F76) -> 1187985.6 | G77: =SUM(G75:G76) -> 602592.7 | H77: =SUM(H75:H76) -> 16387.894 | I77: =SUM(I75:I76) -> 9127.9232 | J77: =SUM(E77:I77) -> 1835424
A81: Table #C4 | B81: Composite (Tranche Weighted) Costs w/o Transmission
B82: in $1,000's
B84: Total Costs by Rate - in $1000 | E84: RT{1} | F84: RS{2} | G84: GS{3} | H84: GST {4} | I84: OL/SL
B85: Summer - all hrs | E85: =(E11*$F$7+E32*$F$28+E64*$F$60)/($F$7+$F$28+$F$60) -> 281.87694 | G85: =(G11*$F$7+G32*$F$28+G64*$F$60)/($F$7+$F$28+$F$60) -> 234462.15 | I85: =(I11*$F$7+I32*$F$28+I64*$F$60)/($F$7+$F$28+$F$60) -> 3260.3325
B86: JCP&L On pk | E86: =(E12*$F$7+E33*$F$28+E65*$F$60)/($F$7+$F$28+$F$60) -> 4217.024 | H86: =(H12*$F$7+H33*$F$28+H65*$F$60)/($F$7+$F$28+$F$60) -> 3620.2281
B87: JCP&L Off pk | E87: =(E13*$F$7+E34*$F$28+E66*$F$60)/($F$7+$F$28+$F$60) -> 2583.256 | H87: =(H13*$F$7+H34*$F$28+H66*$F$60)/($F$7+$F$28+$F$60) -> 2238.6588
B88: Block 1 (0-600 kWh/m) | F88: =(F14*$F$7+F35*$F$28+F67*$F$60)/($F$7+$F$28+$F$60) -> 243758.34
B89: Block 2 (>600 kWh/m) | F89: =(F15*$F$7+F36*$F$28+F68*$F$60)/($F$7+$F$28+$F$60) -> 259461.18
B91: Winter - all hrs | E91: =(E17*$F$7+E38*$F$28+E70*$F$60)/($F$7+$F$28+$F$60) -> 673.30111 | F91: =(F17*$F$7+F38*$F$28+F70*$F$60)/($F$7+$F$28+$F$60) -> 770090.6 | G91: =(G17*$F$7+G38*$F$28+G70*$F$60)/($F$7+$F$28+$F$60) -> 414100.35 | I91: =(I17*$F$7+I38*$F$28+I70*$F$60)/($F$7+$F$28+$F$60) -> 6769.9957
B92: JCP&L On pk | E92: =(E18*$F$7+E39*$F$28+E71*$F$60)/($F$7+$F$28+$F$60) -> 6953.4682 | H92: =(H18*$F$7+H39*$F$28+H71*$F$60)/($F$7+$F$28+$F$60) -> 6470.2423
B93: JCP&L Off pk | E93: =(E19*$F$7+E40*$F$28+E72*$F$60)/($F$7+$F$28+$F$60) -> 6002.6087 | H93: =(H19*$F$7+H40*$F$28+H72*$F$60)/($F$7+$F$28+$F$60) -> 5304.9591
B95: Total Costs - in $1000
B96: Summer | E96: =SUM(E85:E89) -> 7082.1569 | F96: =SUM(F85:F89) -> 503219.53 | G96: =SUM(G85:G89) -> 234462.15 | H96: =SUM(H85:H89) -> 5858.8869 | I96: =SUM(I85:I89) -> 3260.3325 | J96: =SUM(E96:I96) -> 753883.05
B97: Winter | E97: =SUM(E91:E93) -> 13629.378 | F97: =SUM(F91:F93) -> 770090.6 | G97: =SUM(G91:G93) -> 414100.35 | H97: =SUM(H91:H93) -> 11775.201 | I97: =SUM(I91:I93) -> 6769.9957 | J97: =SUM(E97:I97) -> 1216365.5
B98: Total | E98: =SUM(E96:E97) -> 20711.535 | F98: =SUM(F96:F97) -> 1273310.1 | G98: =SUM(G96:G97) -> 648562.5 | H98: =SUM(H96:H97) -> 17634.088 | I98: =SUM(I96:I97) -> 10030.328 | J98: =SUM(E98:I98) -> 1970248.6
B100: Jersey Central Power & Light
B101: Attachment 2
A106: Table #C5 | B106: Units @ Customer
B107: Forecasted 2026 kWh
E108: RT{1} | F108: RS{2} | G108: GS{3} | H108: GST {4} | I108: OL/SL
B110: Summer - all hrs | E110: =SUM('BGS PTY25 Cost Alloc'!W65:W68) -> 2370994 | G110: =SUM('BGS PTY25 Cost Alloc'!G65:G68)*1000 -> 2091570000 | I110: =SUM('BGS PTY25 Cost Alloc'!I65:I68)*1000 -> 40326000
B111: JCP&L On pk | E111: =ROUND(SUMPRODUCT('BGS PTY25 Cost Alloc'!E65:E68,'BGS PTY25 Cost Alloc'!E38:E41)*1000-AVERAGE('BGS PTY25 Cost Alloc'!E38:E41)*E110,0) -> 23328273 | H111: =SUMPRODUCT('BGS PTY25 Cost Alloc'!H65:H68,'BGS PTY25 Cost Alloc'!H38:H41)*1000 -> 24495801
B112: JCP&L Off pk | E112: =ROUND(SUM('BGS PTY25 Cost Alloc'!E65:E68)*1000,0)-E110-E111 -> 33868733 | H112: =SUM('BGS PTY25 Cost Alloc'!H65:H68)*1000-H111 -> 29455199
B113: Block 1 (0-600 kWh/m) | F113: =ROUND('BGS PTY25 Cost Alloc'!R65,0)*1000 -> 2024892000
B114: Block 2 (>600 kWh/m) | F114: =ROUND('BGS PTY25 Cost Alloc'!R66,0)*1000 -> 2010814000
B116: Winter - all hrs | E116: ='BGS PTY25 Cost Alloc'!W72-E110 -> 5691342 | F116: =ROUND('BGS PTY25 Cost Alloc'!F72,0)*1000-SUM(F113:F114) -> 5612850000 | G116: ='BGS PTY25 Cost Alloc'!G72*1000-G110 -> 3714049000 | I116: ='BGS PTY25 Cost Alloc'!I72*1000-'Composite Cost Allocation'!I110 -> 80621000
B117: JCP&L On pk | E117: =SUMPRODUCT('BGS PTY25 Cost Alloc'!E60:E71,'BGS PTY25 Cost Alloc'!E33:E44)*1000-E111-SUMPRODUCT('BGS PTY25 Cost Alloc'!W60:W71,'BGS PTY25 Cost Alloc'!E33:E44) -> 38318320 | H117: =SUMPRODUCT('BGS PTY25 Cost Alloc'!H60:H71,'BGS PTY25 Cost Alloc'!H33:H44)*1000-H111 -> 48727693
B118: JCP&L Off pk | E118: ='BGS PTY25 Cost Alloc'!E72*1000-E110-E111-E112-E116-E117 -> 71213338 | H118: ='BGS PTY25 Cost Alloc'!H72*1000-H111-H112-H117 -> 64383307
J119: Total
B120: Summer Total | E120: =SUM(E110:E114) -> 59568000 | F120: =SUM(F110:F114) -> 4035706000 | G120: =SUM(G110:G114) -> 2091570000 | H120: =SUM(H110:H114) -> 53951000 | I120: =SUM(I110:I114) -> 40326000 | J120: =SUM(E120:I120) -> 6281121000
B121: Winter Total | E121: =SUM(E116:E118) -> 115223000 | F121: =SUM(F116:F118) -> 5612850000 | G121: =SUM(G116:G118) -> 3714049000 | H121: =SUM(H116:H118) -> 113111000 | I121: =SUM(I116:I118) -> 80621000 | J121: =SUM(E121:I121) -> 9635854000
B122: Annual Total | E122: =SUM(E120:E121) -> 174791000 | F122: =SUM(F120:F121) -> 9648556000 | G122: =SUM(G120:G121) -> 5805619000 | H122: =SUM(H120:H121) -> 167062000 | I122: =SUM(I120:I121) -> 120947000 | J122: =SUM(E122:I122) -> 15916975000 | P122: Fixed Unit Cost Adjustment | Q122: 0.99319542 | R122: 0.99449478 | S122: 0.99910951 | T122: = Q112-S112
E123: =E122/$J122 -> 0.010981421 | F123: =F122/$J122 -> 0.60618026 | G123: =G122/$J122 -> 0.36474387 | H123: =H122/$J122 -> 0.010495839 | I123: =I122/$J122 -> 0.0075986172
A126: Table #C6 | B126: Summary of BGS Unit Costs @ customer
B128: NON-DEMAND RATES
B129: includes Energy, Generation obligations, and Ancillary Services - adjusted to billing time periods
B130: in $/MWh
E131: =E108 -> RT{1} | F131: =F108 -> RS{2} | G131: =G108 -> GS{3} | H131: =H108 -> GST {4} | I131: =I108 -> OL/SL
B133: Summer - all hrs | E133: =E85*1000/(E110/1000) -> 118.88555 | G133: =G85*1000/(G110/1000)*S122 -> 111.99881 | I133: =I85*1000/(I110/1000) -> 80.849391
B134: JCP&L On pk | E134: =E86*1000/(E111/1000)*Q122 -> 179.53875 | H134: =H86*1000/(H111/1000) -> 147.78974
B135: JCP&L Off pk | E135: =E87*1000/(E112/1000)*Q122 -> 75.753587 | H135: =H87*1000/(H112/1000) -> 76.002163
B136: Block 1 (0-600 kWh/m) | F136: =F88*1000/(F113/1000)*R122 -> 119.71819
...

Sheet Attachment 3 - 27-28
B1: Jersey Central Power & Light
B2: Attachment 3 - Page 1of 3
B3: Development of Capacity Proxy Price True-Up $/MWh and Calculation of Composite BGS-RSCP Price
A5: Table A - 2027/2028 Delivery Year - Illustrative Only
C7: 2027/2028 Delivery Year for Winning Suppliers from 2025 BGS-RSCP Auction* | D7: Notes:
A8: 1 | B8: Zonal Capacity Price ($/MW-day) - JCPL Zone | C8: 333.69 | D8: PJM RPM BRA for delivery year 2027/2028 as illustration. Will be updated with Final PJM RPM.
A9: 2 | B9: Capacity Proxy Price ($/MW-day) | C9: 270.35 | D9: BGS Docket No. ER24030191 dated Nov. 21, 2024
A10: 3 | B10: Capacity Proxy Price True-Up - $/MW-day | C10: =C8-C9 -> 63.34 | D10: Line 1 - Line 2
A11: =A10+1 -> 4 | B11: Total BGS-RSCP Gen Obl - MW | C11: ='BGS PTY25 Cost Alloc'!J164 -> 4594.2897 | D11: Table #10 of the 2027 BGS Auction Cost and Bid Factor Tables
A12: =A11+1 -> 5 | B12: Days in BGS Delivery Year | C12: 366
A13: =A12+1 -> 6 | B13: Capacity Proxy Price True-Up Annual Cost | C13: =C10*C11*C12 -> 1.0650684e+08 | D13: = line 3 * line 4 * line 5
A14: =A13+1 -> 7 | B14: Eligible Tranches | C14: 18
A15: =A14+1 -> 8 | B15: Total Tranches | C15: =E38 -> 53
A16: =A15+1 -> 9 | B16: % of tranches eligible for Payment | C16: =C14/C15 -> 0.33962264 | D16: = line 7/ line 8
A17: =A16+1 -> 10 | B17: Capacity Proxy Price True-Up Cost | C17: =C13*C16 -> 36172136 | D17: = line 6 * line 9
A18: =A17+1 -> 11 | B18: Total Applicable Customer Usage @ transmission nodes - in MWh | C18: =F45+F46 -> 17593922 | D18: Table #14 * Table #6 from 2027 BGS Auction Cost and Bid Factor Tables - Illustrative Only
A19: =A18+1 -> 12 | B19: Eligible customer Usage @ transmission nodes - in MWh | C19: =C18*C16 -> 5975294.3 | D19: = line 9 * line 11
A20: =A19+1 -> 13 | B20: Capacity Proxy Price True-Up - $/MWh | C20: =ROUND(C17/C19,2) -> 6.05 | D20: = line 10 / line 12 (rounded to 2 decimal places)
A22: NJ Sales and Use Tax (SUT) excluded
A26: Calculation of Composite BGS-RSCP Price
A27: June 1, 2027 through May 31, 2028 - Illustrative Only
C29: BGS Post Transition Year 23 | D29: BGS Post Transition Year 24 | E29: BGS Post Transition Year 25 | F29: Total BGS-RSCP Cost
C30: 2025 Auction | D30: 2026 Auction | E30: 2027 Auction
C31: 1 Year Term Remaining | D31: 2 Year Term Remaining | E31: 3 Year Term
B33: Final Auction Price - in $/MWh | C33: 110.96 | D33: 113.27 | E33: =D35 -> 113.27
B34: Capacity Proxy Price True Up in $/MWH | C34: =C20 -> 6.05
C35: =C33+C34 -> 117.01 | D35: =D33+D34 -> 113.27 | E35: =E33+E34 -> 113.27
B36: Total # of Tranches
B37: Size of Tranches | C37: 18 | D37: 15 | E37: 20
B38: Total # of Tranches | C38: =C37+D37+E37 -> 53 | D38: =C38 -> 53 | E38: =C38 -> 53
B40: Seasonal Factors
B41: Summer | C41: 1 | D41: 1 | E41: 1
B42: Winter | C42: 1 | D42: 1 | E42: 1
B44: Applicable Customer Usage @ transmission node
B45: Summer MWh | C45: ='BGS PTY25 Cost Alloc'!N247 -> 6942874 | D45: =C45 -> 6942874 | E45: =D45 -> 6942874 | F45: =E45 -> 6942874
B46: Winter MWh | C46: ='BGS PTY25 Cost Alloc'!N248 -> 10651048 | D46: =C46 -> 10651048 | E46: =D46 -> 10651048 | F46: =E46 -> 10651048
B48: All-in BGS-RSCP Cost
B49: Summer | C49: =+C$33*C$37/C$38*C41*C45+C$34*C$37/C$38*C45 -> 2.7590457e+08 | D49: =+D$33*D$37/D$38*D41*D45+D$34*D$37/D$38*D45 -> 2.2257151e+08 | E49: =+E$33*E$37/E$38*E41*E45+E$34*E$37/E$38*E45 -> 2.9676201e+08 | F49: =SUM(C49:E49) -> 7.952381e+08
B50: Winter | C50: =+C$33*C$37/C$38*C42*C46+C$34*C$37/C$38*C46 -> 4.2326461e+08 | D50: =+D$33*D$37/D$38*D42*D46+D$34*D$37/D$38*D46 -> 3.4144647e+08 | E50: =+E$33*E$37/E$38*E42*E46+E$34*E$37/E$38*E46 -> 4.5526196e+08 | F50: =SUM(C50:E50) -> 1.219973e+09
B51: Total | C51: =+C50+C49 -> 6.9916918e+08 | D51: =+D50+D49 -> 5.6401798e+08 | E51: =+E50+E49 -> 7.5202398e+08 | F51: =+F50+F49 -> 2.0152111e+09
B53: Composite Bid Price | F53: =ROUND(F51/(F45+F46),2) -> 114.54 | G53: L/(H+I), Rounded to 2 decimals

Sheet Attachment 3 - 28-29
B1: Jersey Central Power & Light
B2: Attachment 3 - Page 2 of 3
B3: Development of Capacity Proxy Price True-Up $/MWh and Calculation of Composite BGS-RSCP Price
A5: Table A - 2028/2029 Delivery Year - Illustrative Only
C7: 2028/2029 Delivery Year for Winning Suppliers from 2026 BGS-RSCP Auction | D7: 2028/2029 Delivery Year for Winning Suppliers from 2027 BGS-RSCP Auction | E7: Notes:
A8: 1 | B8: Zonal Capacity Price ($/MW-day) - JCPL Zone | C8: 335 | D8: 335 | E8: Illustration Only
A9: 2 | B9: Capacity Proxy Price ($/MW-day) | C9: 333.69 | D9: 333.69 | E9: Per BPU Docket No. ER25040190, dated Nov. 21, 2025 and ER26040105, dated xxxxxx,2026
A10: 3 | B10: Capacity Proxy Price True-Up - $/MW-day | C10: =C8-C9 -> 1.31 | D10: =D8-D9 -> 1.31 | E10: Line 1 - Line2
A11: =A10+1 -> 4 | B11: Total BGS-RSCP Gen Obl - MW | C11: ='BGS PTY25 Cost Alloc'!J164 -> 4594.2897 | D11: =C11 -> 4594.2897 | E11: Table #10 of the 2027 BGS Auction Cost and Bid Factor Tables
A12: =A11+1 -> 5 | B12: Days in BGS Delivery Year | C12: 365 | D12: =C12 -> 365
A13: =A12+1 -> 6 | B13: Capacity Proxy Price True-Up Annual Cost | C13: =C10*C11*C12 -> 2196759.6 | D13: =D10*D11*D12 -> 2196759.6 | E13: = line 3 * line 4 * line 5
A14: =A13+1 -> 7 | B14: Eligible Tranches | C14: 15 | D14: 20
A15: =A14+1 -> 8 | B15: Total Tranches | C15: =E38 -> 53 | D15: =C15 -> 53
A16: =A15+1 -> 9 | B16: % of tranches eligible for Payment | C16: =C14/C15 -> 0.28301887 | D16: =D14/D15 -> 0.37735849 | E16: = line 7/ line 8
A17: =A16+1 -> 10 | B17: Capacity Proxy Price True-Up Cost | C17: =C13*C16 -> 621724.41 | D17: =D13*D16 -> 828965.89 | E17: = line 6 * line 9
A18: =A17+1 -> 11 | B18: Total Applicable Customer Usage @ transmission nodes - in MWh | C18: =F45+F46 -> 17593922 | D18: =C18 -> 17593922 | E18: Table #14 * Table #6 from 2027 BGS Auction Cost and Bid Factor Tables
A19: =A18+1 -> 12 | B19: Eligible customer Usage @ transmission nodes - in MWh | C19: =C18*C16 -> 4979411.9 | D19: =D18*D16 -> 6639215.8 | E19: = line 9 * line 11
A20: =A19+1 -> 13 | B20: Capacity Proxy Price True-Up - $/MWh | C20: =ROUND(C17/C19,2) -> 0.12 | D20: =ROUND(D17/D19,2) -> 0.12 | E20: = line 10 / line 12 (rounded to 2 decimal places)
A22: NJ Sales and Use Tax (SUT) excluded
A26: Calculation of Composite BGS-RSCP Price
A27: June 1, 2028 through May 31, 2029 - Illustrative Only
C29: BGS Post Transition Year 24 | D29: BGS Post Transition Year 25 | E29: BGS Post Transition Year 26 | F29: Total BGS-RSCP Cost
C30: 2026 Auction | D30: 2027 Auction | E30: 2028 Auction
C31: 1 Year Term Remaining | D31: 2 Year Term Remaining | E31: 3 Year Term
B33: Final Auction Price - in $/MWh | C33: ='Attachment 3 - 27-28'!D33 -> 113.27 | D33: ='Attachment 3 - 27-28'!E33 -> 113.27 | E33: =D35 -> 113.39
B34: Capacity Proxy Price True Up in $/MWH | C34: =C20 -> 0.12 | D34: =D20 -> 0.12
C35: =C33+C34 -> 113.39 | D35: =D33+D34 -> 113.39 | E35: =E33+E34 -> 113.39
B36: Total # of Tranches
B37: Size of Tranches | C37: 15 | D37: 20 | E37: 18
B38: Total # of Tranches | C38: =C37+D37+E37 -> 53 | D38: =C38 -> 53 | E38: =C38 -> 53
B40: Seasonal Factors
B41: Summer | C41: 1 | D41: 1 | E41: 1
B42: Winter | C42: 1 | D42: 1 | E42: 1
B44: Applicable Customer Usage @ transmission node
B45: Summer MWh | C45: ='BGS PTY25 Cost Alloc'!N247 -> 6942874 | D45: =C45 -> 6942874 | E45: =D45 -> 6942874 | F45: =E45 -> 6942874
B46: Winter MWh | C46: ='BGS PTY25 Cost Alloc'!N248 -> 10651048 | D46: =C46 -> 10651048 | E46: =D46 -> 10651048 | F46: =E46 -> 10651048
B48: All-in BGS-RSCP Cost
B49: Summer | C49: =+C$33*C$37/C$38*C41*C45+C$34*C$37/C$38*C45 -> 2.2280731e+08 | D49: =+D$33*D$37/D$38*D41*D45+D$34*D$37/D$38*D45 -> 2.9707641e+08 | E49: =+E$33*E$37/E$38*E41*E45+E$34*E$37/E$38*E45 -> 2.6736877e+08 | F49: =SUM(C49:E49) -> 7.8725248e+08
B50: Winter | C50: =+C$33*C$37/C$38*C42*C46+C$34*C$37/C$38*C46 -> 3.4180821e+08 | D50: =+D$33*D$37/D$38*D42*D46+D$34*D$37/D$38*D46 -> 4.5574428e+08 | E50: =+E$33*E$37/E$38*E42*E46+E$34*E$37/E$38*E46 -> 4.1016985e+08 | F50: =SUM(C50:E50) -> 1.2077223e+09
B51: Total | C51: =+C50+C49 -> 5.6461551e+08 | D51: =+D50+D49 -> 7.5282069e+08 | E51: =+E50+E49 -> 6.7753862e+08 | F51: =+F50+F49 -> 1.9949748e+09
B53: Composite Bid Price | F53: =ROUND(F51/(F45+F46),2) -> 113.39 | G53: L/(H+I), Rounded to 2 decimals

Sheet Attachment 3 - 29-30
B1: Jersey Central Power & Light
B2: Attachment 3 - Page 3 of 3
B3: Development of Capacity Proxy Price True-Up $/MWh and Calculation of Composite BGS-RSCP Price
A5: Table A - 2029/2030 Delivery Year - Illustrative Only
C7: 2029/2030 Delivery Year for Winning Suppliers from 2027 BGS-RSCP Auction | D7: Notes:
A8: 1 | B8: Zonal Capacity Price ($/MW-day) - JCPL Zone | C8: 335 | D8: Illustration Only
A9: 2 | B9: Capacity Proxy Price ($/MW-day) | C9: 333.69 | D9: Per Board Order ER26040105, dated xxxxxx,2026
A10: 3 | B10: Capacity Proxy Price True-Up - $/MW-day | C10: =C8-C9 -> 1.31 | D10: Line 1 - Line2
A11: =A10+1 -> 4 | B11: Total BGS-RSCP Gen Obl - MW | C11: ='BGS PTY25 Cost Alloc'!J164 -> 4594.2897 | D11: Table #10 of the 2027 BGS Auction Cost and Bid Factor Tables
A12: =A11+1 -> 5 | B12: Days in BGS Delivery Year | C12: 365
A13: =A12+1 -> 6 | B13: Capacity Proxy Price True-Up Annual Cost | C13: =C10*C11*C12 -> 2196759.6 | D13: = line 3 * line 4 * line 5
A14: =A13+1 -> 7 | B14: Eligible Tranches | C14: 20
A15: =A14+1 -> 8 | B15: Total Tranches | C15: =E38 -> 53
A16: =A15+1 -> 9 | B16: % of tranches eligible for Payment | C16: =C14/C15 -> 0.37735849 | D16: = line 7/ line 8
A17: =A16+1 -> 10 | B17: Capacity Proxy Price True-Up Cost | C17: =C13*C16 -> 828965.89 | D17: = line 6 * line 9
A18: =A17+1 -> 11 | B18: Total Applicable Customer Usage @ transmission nodes - in MWh | C18: =F45+F46 -> 17593922 | D18: Table #14 * Table #6 from 2027 BGS Auction Cost and Bid Factor Tables
A19: =A18+1 -> 12 | B19: Eligible customer Usage @ transmission nodes - in MWh | C19: =C18*C16 -> 6639215.8 | D19: = line 9 * line 11
A20: =A19+1 -> 13 | B20: Capacity Proxy Price True-Up - $/MWh | C20: =ROUND(C17/C19,2) -> 0.12 | D20: = line 10 / line 12 (rounded to 2 decimal places)
A22: NJ Sales and Use Tax (SUT) excluded
A26: Calculation of Composite BGS-RSCP Price
A27: June 1, 2029 through May 31, 2030 - Illustration Only
C29: BGS Post Transition Year 25 | D29: BGS Post Transition Year 26 | E29: BGS Post Transition Year 27 | F29: Total BGS-RSCP Cost
C30: 2027 Auction | D30: 2028 Auction | E30: 2029 Auction
C31: 1 Year Term Remaining | D31: 2 Year Term Remaining | E31: 3 Year Term
B33: Final Auction Price - in $/MWh | C33: ='Attachment 3 - 27-28'!E33 -> 113.27 | D33: ='Attachment 3 - 28-29'!E33 -> 113.39 | E33: =D35 -> 113.39
B34: Capacity Proxy Price True Up in $/MWH | C34: =C20 -> 0.12
C35: =C33+C34 -> 113.39 | D35: =D33+D34 -> 113.39 | E35: =E33+E34 -> 113.39
B36: Total # of Tranches
B37: Size of Tranches | C37: 20 | D37: 18 | E37: 15
B38: Total # of Tranches | C38: =C37+D37+E37 -> 53 | D38: =C38 -> 53 | E38: =C38 -> 53
B40: Seasonal Factors
B41: Summer | C41: 1 | D41: 1 | E41: 1
B42: Winter | C42: 1 | D42: 1 | E42: 1
B44: Applicable Customer Usage @ transmission node
B45: Summer MWh | C45: ='BGS PTY25 Cost Alloc'!N247 -> 6942874 | D45: =C45 -> 6942874 | E45: =D45 -> 6942874 | F45: =E45 -> 6942874
B46: Winter MWh | C46: ='BGS PTY25 Cost Alloc'!N248 -> 10651048 | D46: =C46 -> 10651048 | E46: =D46 -> 10651048 | F46: =E46 -> 10651048
B48: All-in BGS-RSCP Cost
B49: Summer | C49: =+C$33*C$37/C$38*C41*C45+C$34*C$37/C$38*C45 -> 2.9707641e+08 | D49: =+D$33*D$37/D$38*D41*D45+D$34*D$37/D$38*D45 -> 2.6736877e+08 | E49: =+E$33*E$37/E$38*E41*E45+E$34*E$37/E$38*E45 -> 2.2280731e+08 | F49: =SUM(C49:E49) -> 7.8725248e+08
B50: Winter | C50: =+C$33*C$37/C$38*C42*C46+C$34*C$37/C$38*C46 -> 4.5574428e+08 | D50: =+D$33*D$37/D$38*D42*D46+D$34*D$37/D$38*D46 -> 4.1016985e+08 | E50: =+E$33*E$37/E$38*E42*E46+E$34*E$37/E$38*E46 -> 3.4180821e+08 | F50: =SUM(C50:E50) -> 1.2077223e+09
B51: Total | C51: =+C50+C49 -> 7.5282069e+08 | D51: =+D50+D49 -> 6.7753862e+08 | E51: =+E50+E49 -> 5.6461551e+08 | F51: =+F50+F49 -> 1.9949748e+09
B53: Composite Bid Price | F53: =ROUND(F51/(F45+F46),2) -> 113.39 | G53: L/(H+I), Rounded to 2 decimals
